Workbook

Sheet SERV ADICIONADOS
A2: Obra | E2: Bancos | G2: B.D.I. | I2: Encargos Sociais
A3: =ORCAMENTO!A3 -> CONCLUSÃO EMEIF "CAETÉ" | E3: =ORCAMENTO!C3 -> SINAPI - 02/2023 - Pará | G3: 28,82% | I3: =ORCAMENTO!E3 -> Desonerado: 0,00%
A4: Serviços Complementares - Orçamento Sintético
A5: Item | B5: Código | C5: Banco | D5: Descrição | E5: Und | F5: Quant. | G5: Valor Unit | H5: Valor Unit com BDI | I5: Total
A6: 2 | D6: MOVIMENTO DE TERRAS PARA FUNDAÇÕES | I6: =SUM(I7:I7) -> 1752.66 | J6: =TRUNC(F6*G6,2) -> 0 | L6: CONVERSOR DE PREÇOS
A7: 2.1 | B7: 93358 | C7: SINAPI | D7: Escavação mecanizada de valas em qualquer terreno até h=2,0 m | E7: m³ | F7: ='MEMORIA DE CÁLCULO ADITIVOS'!F7 -> 18 | G7: =CPU!J57 -> 75.59 | H7: =TRUNC(G7 * (1 + 28.82 / 100), 2) -> 97.37 | I7: =TRUNC(F7 * H7, 2) -> 1752.66 | J7: =TRUNC(F7*G7,2) -> 1360.62
A8: 3 | D8: FUNDAÇÕES | I8: =I9 -> 139815.83 | J8: =TRUNC(F8*G8,2) -> 0 | L8: =1716918.09 -> 1716918.1
A9: 3.1 | D9: ='MEMORIA DE CÁLCULO ADITIVOS'!D10 -> ESTACAS E ESTUTURAS EM CONCRETO ARMADO | I9: =SUM(I10:I11) -> 139815.83 | J9: =TRUNC(F9*G9,2) -> 0 | L9: =1726787.91 -> 1726787.9
A10: 3.1 | B10: 98230 | C10: SINAPI | D10: Estaca escavada mecanicamente com 30 cm de diametro, sem armação | E10: M | F10: ='MEMORIA DE CÁLCULO ADITIVOS'!F11 -> 345 | G10: =CPU!J103 -> 140.85 | H10: =TRUNC(G10 * (1 + 28.82 / 100), 2) -> 181.44 | I10: =TRUNC(F10 * H10, 2) -> 62596.8 | J10: =TRUNC(F10*G10,2) -> 48593.25 | L10: =L8/L9 -> 0.99428429
A11: 3.2 | B11: 104488 | C11: SINAPI | D11: Concreto armado, 25 mpa | E11: m³ | F11: ='MEMORIA DE CÁLCULO ADITIVOS'!F13 -> 21.744 | G11: =CPU!J1784 -> 2756.78 | H11: =TRUNC(G11 * (1 + 28.82 / 100), 2) -> 3551.28 | I11: =TRUNC(F11 * H11, 2) -> 77219.03 | J11: =TRUNC(F11*G11,2) -> 59943.42
A12: 4 | D12: SUPERESTRUTURA | I12: =I13+I15 -> 61042.95 | J12: =TRUNC(F12*G12,2) -> 0
A13: 4.1 | D13: VIGAMENTO, PILARES E LAJES CONVENCIONAIS DO REL. | I13: =I14 -> 10297.25 | J13: =TRUNC(F13*G13,2) -> 0
A14: 18.3.3 | B14: 104487 | C14: SINAPI | D14: COMPOSIÇÃO PARAMÉTRICA PARA EXECUÇÃO DE ESTRUTURAS DE CONCRETO ARMADO, PARA EDIFICAÇÃO HABITACIONAL UNIFAMILIAR TÉRREA (CASA EM EMPREENDIMENTOS), FCK = 25 MPA. AF_11/2022 | E14: m³ | F14: ='MEMORIA DE CÁLCULO ADITIVOS'!F16 -> 2.848 | G14: =2822.85*L10 -> 2806.7154 | H14: =TRUNC(G14 * (1 + 28.82 / 100), 2) -> 3615.61 | I14: =TRUNC(F14 * H14, 2) -> 10297.25 | J14: =TRUNC(F14*G14,2) -> 7993.52
A15: 4.2 | D15: CONCRETO ARMADO - LAJES DE PISO | I15: =I16 -> 50745.7 | J15: =TRUNC(F15*G15,2) -> 0
A16: 4.2.1 | B16: 101963 | C16: SINAPI | D16: LAJE PRÉ-MOLDADA UNIDIRECIONAL, BIAPOIADA, PARA PISO, ENCHIMENTO EM CERÂMICA, VIGOTA CONVENCIONAL, ALTURA TOTAL DA LAJE (ENCHIMENTO+CAPA) = (8+4). AF_11/2020 | E16: m² | F16: ='MEMORIA DE CÁLCULO ADITIVOS'!F19 -> 205 | G16: =193.27*L10 -> 192.16532 | H16: =TRUNC(G16 * (1 + 28.82 / 100), 2) -> 247.54 | I16: =TRUNC(F16 * H16, 2) -> 50745.7 | J16: =TRUNC(F16*G16,2) -> 39393.89
A17: 5 | D17: SISTEMA DE VEDAÇÃO VERTICAL | I17: =SUM(I18:I18) -> 2692.8 | J17: =TRUNC(F17*G17,2) -> 0
A18: 5.1 | B18: 87489 | C18: SINAPI | D18: Alvenaria de vedação de 1/2 vez em tijolos cerâmicos (dimensões nominais: 39x19x09); assentamento em argamassa no traço 1:2:8 (cimento, cal e areia) | E18: m² | F18: ='MEMORIA DE CÁLCULO ADITIVOS'!F22 -> 36 | G18: =CPU!J132 -> 58.07 | H18: =TRUNC(G18 * (1 + 28.82 / 100), 2) -> 74.8 | I18: =TRUNC(F18 * H18, 2) -> 2692.8 | J18: =TRUNC(F18*G18,2) -> 2090.52
A19: 6 | D19: ESQUADRIAS | I19: =I20 -> 37852.44 | J19: =TRUNC(F19*G19,2) -> 0
A20: 6.2 | D20: FERRAGENS E ACESSÓRIOS | I20: =SUM(I21:I22) -> 37852.44 | J20: =TRUNC(F20*G20,2) -> 0
A21: 6.2.1 | B21: 99861 | C21: SINAPI | D21: GRADIL EM FERRO FIXADO EM VÃOS DE JANELAS, FORMADO POR BARRAS CHATAS DE 25X4,8 MM. AF_04/2019 | E21: UN | F21: ='MEMORIA DE CÁLCULO ADITIVOS'!F26 -> 3.05 | G21: =599.99*L10 -> 596.56063 | H21: =TRUNC(G21 * (1 + 28.82 / 100), 2) -> 768.48 | I21: =TRUNC(F21 * H21, 2) -> 2343.86 | J21: =TRUNC(F21*G21,2) -> 1819.5
A22: 6.2.2 | B22: 102363 | C22: SINAPI | D22: ALAMBRADO PARA QUADRA POLIESPORTIVA, ESTRUTURADO POR TUBOS DE ACO GALVANIZADO, (MONTANTES COM DIAMETRO 2", TRAVESSAS E ESCORAS COM DIÂMETRO 1 ¼), COM TELA DE ARAME GALVANIZADO, FIO 12 BWG E MALHA QUADRADA 5X5CM (EXCETO MURETA). AF_03/2021 | E22: UN | F22: ='MEMORIA DE CÁLCULO ADITIVOS'!F30 -> 162.6 | G22: =170.5*L10 -> 169.52547 | H22: =TRUNC(G22 * (1 + 28.82 / 100), 2) -> 218.38 | I22: =TRUNC(F22 * H22, 2) -> 35508.58 | J22: =TRUNC(F22*G22,2) -> 27564.84
A23: 7 | D23: SISTEMAS DE COBERTURA | I23: =SUM(I24:I29) -> 70102.87 | J23: =TRUNC(F23*G23,2) -> 0
A24: 7.1 | B24: 92548 | C24: SINAPI | D24: Fabricação e Instalação de tesoura inteira em madeira não aparelhada, vão de 6m, para telha cerâmica | E24: UN | F24: ='MEMORIA DE CÁLCULO ADITIVOS'!F33 -> 3 | G24: =CPU!J386 -> 1368.69 | H24: =TRUNC(G24 * (1 + 28.82 / 100), 2) -> 1763.14 | I24: =TRUNC(F24 * H24, 2) -> 5289.42 | J24: =TRUNC(F24*G24,2) -> 4106.07
A25: 7.2 | B25: 92540 | C25: SINAPI | D25: Trama de madeira composta por ripas, caibros e terças para telhados de mais que 2 águas para telha cerâmica | E25: m² | F25: ='MEMORIA DE CÁLCULO ADITIVOS'!F35 -> 260.41 | G25: =CPU!J408 -> 80.18 | H25: =TRUNC(G25 * (1 + 28.82 / 100), 2) -> 103.28 | I25: =TRUNC(F25 * H25, 2) -> 26895.14 | J25: =TRUNC(F25*G25,2) -> 20879.67
A26: 7.3 | B26: 40905 | C26: SINAPI | D26: Verniz sintético sobre estrutura de madeira, duas demãos | E26: m² | F26: ='MEMORIA DE CÁLCULO ADITIVOS'!F37 -> 260.41 | G26: =CPU!J422 -> 26.08 | H26: =TRUNC(G26 * (1 + 28.82 / 100), 2) -> 33.59 | I26: =TRUNC(F26 * H26, 2) -> 8747.17 | J26: =TRUNC(F26*G26,2) -> 6791.49
A27: 7.4 | B27: 94446 | C27: SINAPI | D27: Cobertura em telha cerâmica tipo PLAN | E27: m² | F27: ='MEMORIA DE CÁLCULO ADITIVOS'!F39 -> 260.41 | G27: =CPU!J431 -> 50.61 | H27: =TRUNC(G27 * (1 + 28.82 / 100), 2) -> 65.19 | I27: =TRUNC(F27 * H27, 2) -> 16976.12 | J27: =TRUNC(F27*G27,2) -> 13179.35
A28: 7.5 | B28: 94221 | C28: SINAPI | D28: Cumeeira com telha cerâmica emboçada com argamassa traço 1:2:8 | E28: M | F28: ='MEMORIA DE CÁLCULO ADITIVOS'!F41 -> 79 | G28: =CPU!J440 -> 25.96 | H28: =TRUNC(G28 * (1 + 28.82 / 100), 2) -> 33.44 | I28: =TRUNC(F28 * H28, 2) -> 2641.76 | J28: =TRUNC(F28*G28,2) -> 2050.84
A29: 7.6 | B29: 84093 | C29: =C28 -> SINAPI | D29: TABEIRA DE MADEIRA LEI, 1A QUALIDADE, 2,5X30,0CM PARA BEIRAL DE TELHADO | E29: M | F29: ='MEMORIA DE CÁLCULO ADITIVOS'!F43 -> 178 | G29: =41.91*L10 -> 41.670455 | H29: =TRUNC(G29 * (1 + 28.82 / 100), 2) -> 53.67 | I29: =TRUNC(F29 * H29, 2) -> 9553.26 | J29: =TRUNC(F29*G29,2) -> 7417.34
A30: 8 | D30: IMPERMEABILIZAÇÃO | I30: =I31 -> 736.2 | J30: =TRUNC(F30*G30,2) -> 0
A31: 8.1 | B31: 74106/001 | C31: SINAPI | D31: Impermeabilização com tinta betuminosa em fundações, baldrames | E31: m² | F31: ='MEMORIA DE CÁLCULO ADITIVOS'!F46 -> 45 | G31: =CPU!J450 -> 12.7 | H31: =TRUNC(G31 * (1 + 28.82 / 100), 2) -> 16.36 | I31: =TRUNC(F31 * H31, 2) -> 736.2 | J31: =TRUNC(F31*G31,2) -> 571.5
A32: 9 | D32: REVESTIMENTOS INTERNOS E EXTERNOS | I32: =SUM(I33:I36) -> 13154.4 | J32: =TRUNC(F32*G32,2) -> 0
A33: 9.1 | B33: 87878 | C33: SINAPI | D33: Chapisco em parede com argamassa traço - 1:3 (cimento / areia) | E33: m² | F33: ='MEMORIA DE CÁLCULO ADITIVOS'!F49 -> 320.66 | G33: =CPU!J456 -> 5.15 | H33: =TRUNC(G33 * (1 + 28.82 / 100), 2) -> 6.63 | I33: =TRUNC(F33 * H33, 2) -> 2125.97 | J33: =TRUNC(F33*G33,2) -> 1651.39
A34: 9.2 | B34: 87881 | C34: SINAPI | D34: Chapisco em teto com argamassa traço - 1:3 (cimento / areia) | E34: m² | F34: ='MEMORIA DE CÁLCULO ADITIVOS'!F51 -> 9 | G34: =CPU!J463 -> 6.66 | H34: =TRUNC(G34 * (1 + 28.82 / 100), 2) -> 8.57 | I34: =TRUNC(F34 * H34, 2) -> 77.13 | J34: =TRUNC(F34*G34,2) -> 59.94
A35: 9.4 | B35: 87543 | C35: SINAPI | D35: Reboco para paredes internas, externas, vigas, traço 1:4,5 - espessura 1,5 cm | E35: m² | F35: ='MEMORIA DE CÁLCULO ADITIVOS'!F53 -> 320.66 | G35: =CPU!J477 -> 25.79 | H35: =TRUNC(G35 * (1 + 28.82 / 100), 2) -> 33.22 | I35: =TRUNC(F35 * H35, 2) -> 10652.32 | J35: =TRUNC(F35*G35,2) -> 8269.82
A36: 9.5 | B36: 87543 | C36: SINAPI | D36: Reboco de teto, com argamassa traço - 1:2 (cal / areia fina), espessura 1 cm | E36: m² | F36: ='MEMORIA DE CÁLCULO ADITIVOS'!F55 -> 9 | G36: =CPU!J484 -> 25.79 | H36: =TRUNC(G36 * (1 + 28.82 / 100), 2) -> 33.22 | I36: =TRUNC(F36 * H36, 2) -> 298.98 | J36: =TRUNC(F36*G36,2) -> 232.11
A37: 10 | D37: SISTEMAS DE PISOS | I37: =I38 -> 6211.52 | J37: =TRUNC(F37*G37,2) -> 0
A38: 10.1 | D38: PAVIMENTAÇÃO INTERNA | I38: =SUM(I39:I39) -> 6211.52 | J38: =TRUNC(F38*G38,2) -> 0
A39: 10.1.3 | B39: 98679 | C39: SINAPI | D39: Piso cimentado desempenado com acabamento liso e=2,0cm com junta plastica acabada 1,2m | E39: m² | F39: ='MEMORIA DE CÁLCULO ADITIVOS'!F59 -> 112 | G39: =CPU!J537 -> 43.06 | H39: =TRUNC(G39 * (1 + 28.82 / 100), 2) -> 55.46 | I39: =TRUNC(F39 * H39, 2) -> 6211.52 | J39: =TRUNC(F39*G39,2) -> 4822.72
A40: 11 | D40: PINTURAS E ACABAMENTOS | I40: =SUM(I41:I45) -> 12759.06 | J40: =TRUNC(F40*G40,2) -> 0
A41: 11.1 | B41: 96132 | C41: SINAPI | D41: Emassamento de paredes internas com massa PVA, 2 demãos | E41: m² | F41: ='MEMORIA DE CÁLCULO ADITIVOS'!F62 -> 174.6 | G41: =CPU!J590 -> 17.04 | H41: =TRUNC(G41 * (1 + 28.82 / 100), 2) -> 21.95 | I41: =TRUNC(F41 * H41, 2) -> 3832.47 | J41: =TRUNC(F41*G41,2) -> 2975.18
A42: 11.2 | B42: 96132 | C42: SINAPI | D42: Emassamento de lajes internas com massa PVA, 2 demãos | E42: m² | F42: ='MEMORIA DE CÁLCULO ADITIVOS'!F64 -> 9 | G42: =CPU!J598 -> 17.04 | H42: =TRUNC(G42 * (1 + 28.82 / 100), 2) -> 21.95 | I42: =TRUNC(F42 * H42, 2) -> 197.55 | J42: =TRUNC(F42*G42,2) -> 153.36
A43: 11.3 | B43: 88489 | C43: SINAPI | D43: Pintura em latex acrílico sobre paredes internas e externas, 2 demãos | E43: m² | F43: ='MEMORIA DE CÁLCULO ADITIVOS'!F66 -> 174.6 | G43: =CPU!J606 -> 16.93 | H43: =TRUNC(G43 * (1 + 28.82 / 100), 2) -> 21.8 | I43: =TRUNC(F43 * H43, 2) -> 3806.28 | J43: =TRUNC(F43*G43,2) -> 2955.97
A44: 11.4 | B44: 88486 | C44: SINAPI | D44: Pintura em latex PVA sobre lajes internas e externas, 2 demãos | E44: m² | F44: ='MEMORIA DE CÁLCULO ADITIVOS'!F68 -> 9 | G44: =CPU!J613 -> 12.26 | H44: =TRUNC(G44 * (1 + 28.82 / 100), 2) -> 15.79 | I44: =TRUNC(F44 * H44, 2) -> 142.11 | J44: =TRUNC(F44*G44,2) -> 110.34
A45: 11.6 | B45: 100742 | C45: SINAPI | D45: Pintura em esmalte acetinado sobre superfície metálica, 2 demãos | E45: m² | F45: ='MEMORIA DE CÁLCULO ADITIVOS'!F70 -> 165.65 | G45: =CPU!J630 -> 22.41 | H45: =TRUNC(G45 * (1 + 28.82 / 100), 2) -> 28.86 | I45: =TRUNC(F45 * H45, 2) -> 4780.65 | J45: =TRUNC(F45*G45,2) -> 3712.21
A46: 12 | D46: INSTALAÇÕES HIDRÁULICAS | I46: =SUM(I47:I61) -> #REF! | J46: =TRUNC(F46*G46,2) -> 0
A47: 12.1 | B47: 99630 | C47: SINAPI | D47: VÁLVULA DE RETENÇÃO VERTICAL, DE BRONZE, ROSCÁVEL, 1 1/4" - FORNECIMENTO E INSTALAÇÃO. AF_08/2021 | E47: UN | F47: ='MEMORIA DE CÁLCULO ADITIVOS'!F73 -> 1 | G47: =K47*$L$10 -> 111.39961 | H47: =TRUNC(G47 * (1 + 28.82 / 100), 2) -> 143.5 | I47: =TRUNC(F47 * H47, 2) -> 143.5 | J47: =TRUNC(F47*G47,2) -> 111.39 | K47: 112.04
A48: 12.2 | B48: 99621 | C48: SINAPI | D48: VÁLVULA DE RETENÇÃO HORIZONTAL, DE BRONZE, ROSCÁVEL, 1 1/4" - FORNECIMENTO E INSTALAÇÃO. AF_08/2021 | E48: UN | F48: ='MEMORIA DE CÁLCULO ADITIVOS'!F74 -> 1 | G48: =K48*$L$10 -> 207.55685 | H48: =TRUNC(G48 * (1 + 28.82 / 100), 2) -> 267.37 | I48: =TRUNC(F48 * H48, 2) -> 267.37 | J48: =TRUNC(F48*G48,2) -> 207.55 | K48: 208.75
A49: 12.3 | B49: 94705 | C49: SINAPI | D49: ADAPTADOR COM FLANGE E ANEL DE VEDAÇÃO, PVC, SOLDÁVEL, DN 40 MM X 1 1/4 , INSTALADO EM RESERVAÇÃO DE ÁGUA DE EDIFICAÇÃO QUE POSSUA RESERVATÓRIO DE FIBRA/FIBROCIMENTO FORNECIMENTO E INSTALAÇÃO. AF_06/2016 | E49: UN | F49: ='MEMORIA DE CÁLCULO ADITIVOS'!F75 -> 12 | G49: =K49*$L$10 -> 38.260059 | H49: =TRUNC(G49 * (1 + 28.82 / 100), 2) -> 49.28 | I49: =TRUNC(F49 * H49, 2) -> 591.36 | J49: =TRUNC(F49*G49,2) -> 459.12 | K49: 38.48
A50: 12.4 | B50: 94677 | C50: SINAPI | D50: CURVA 90 GRAUS, PVC, SOLDÁVEL, DN 40 MM, INSTALADO EM RESERVAÇÃO DE ÁGUA DE EDIFICAÇÃO QUE POSSUA RESERVATÓRIO DE FIBRA/FIBROCIMENTO FORNECIMENTO E INSTALAÇÃO. AF_06/2016 | E50: UN | F50: ='MEMORIA DE CÁLCULO ADITIVOS'!F76 -> 15 | G50: =K50*$L$10 -> 23.146938 | H50: =TRUNC(G50 * (1 + 28.82 / 100), 2) -> 29.81 | I50: =TRUNC(F50 * H50, 2) -> 447.15 | J50: =TRUNC(F50*G50,2) -> 347.2 | K50: 23.28
A51: 12.5 | B51: 94491 | C51: SINAPI | D51: REGISTRO DE ESFERA, PVC, SOLDÁVEL, COM VOLANTE, DN 40 MM - FORNECIMENTO E INSTALAÇÃO. AF_08/2021 | E51: UN | F51: ='MEMORIA DE CÁLCULO ADITIVOS'!F77 -> 8 | G51: =K51*$L$10 -> 54.486779 | H51: =TRUNC(G51 * (1 + 28.82 / 100), 2) -> 70.18 | I51: =TRUNC(F51 * H51, 2) -> 561.44 | J51: =TRUNC(F51*G51,2) -> 435.89 | K51: 54.8
A52: 12.6 | B52: 89623 | C52: SINAPI | D52: Te PVC soldável agua fria 40mm | E52: UN | F52: ='MEMORIA DE CÁLCULO ADITIVOS'!F78 -> 5 | G52: =CPU!J815 -> 18.61 | H52: =TRUNC(G52 * (1 + 28.82 / 100), 2) -> 23.97 | I52: =TRUNC(F52 * H52, 2) -> 119.85 | J52: =TRUNC(F52*G52,2) -> 93.05
A53: 12.7 | B53: 89448 | C53: SINAPI | D53: Tubo PVC soldável Ø 40 mm, fornecimento e instalação | E53: M | F53: ='MEMORIA DE CÁLCULO ADITIVOS'!F79 -> 72 | G53: =CPU!J671 -> 17.66 | H53: =TRUNC(G53 * (1 + 28.82 / 100), 2) -> 22.74 | I53: =TRUNC(F53 * H53, 2) -> 1637.28 | J53: =TRUNC(F53*G53,2) -> 1271.52
A54: 12.8 | B54: 102619 | C54: SINAPI | D54: CAIXA D´ÁGUA EM POLIÉSTER REFORÇADO COM FIBRA DE VIDRO, 10000 LITROS - FORNECIMENTO E INSTALAÇÃO. AF_06/2021 | E54: UN | F54: ='MEMORIA DE CÁLCULO ADITIVOS'!#REF! -> #REF! | G54: =K54*$L$10 -> 6209.1065 | H54: =TRUNC(G54 * (1 + 28.82 / 100), 2) -> 7998.57 | I54: =TRUNC(F54 * H54, 2) -> #REF! | J54: =TRUNC(F54*G54,2) -> #REF! | K54: 6244.8
A55: 12.9 | B55: 102617 | C55: SINAPI | D55: CAIXA D´ÁGUA EM POLIÉSTER REFORÇADO COM FIBRA DE VIDRO, 5000 LITROS - FORNECIMENTO E INSTALAÇÃO. AF_06/2021 | E55: UN | F55: ='MEMORIA DE CÁLCULO ADITIVOS'!F80 -> 1 | G55: =K55*$L$10 -> 3256.9671 | H55: =TRUNC(G55 * (1 + 28.82 / 100), 2) -> 4195.62 | I55: =TRUNC(F55 * H55, 2) -> 4195.62 | J55: =TRUNC(F55*G55,2) -> 3256.96 | K55: 3275.69
A56: 12.10 | B56: 102613 | C56: SINAPI | D56: CAIXA D´ÁGUA EM POLIÉSTER REFORÇADO COM FIBRA DE VIDRO, 1000 LITROS - FORNECIMENTO E INSTALAÇÃO. AF_06/2021 | E56: UN | F56: ='MEMORIA DE CÁLCULO ADITIVOS'!F81 -> 1 | G56: =K56*$L$10 -> 596.78932 | H56: =TRUNC(G56 * (1 + 28.82 / 100), 2) -> 768.78 | I56: =TRUNC(F56 * H56, 2) -> 768.78 | J56: =TRUNC(F56*G56,2) -> 596.78 | K56: 600.22
A57: 12.11 | B57: 102116 | C57: SINAPI | D57: BOMBA CENTRÍFUGA, TRIFÁSICA, 1,5 CV OU 1,48 HP, HM 10 A 24 M, Q 6,1 A 21,9 M3/H - FORNECIMENTO E INSTALAÇÃO. AF_12/2020 | E57: UN | F57: ='MEMORIA DE CÁLCULO ADITIVOS'!F82 -> 1 | G57: =K57*$L$10 -> 1869.7118 | H57: =TRUNC(G57 * (1 + 28.82 / 100), 2) -> 2408.56 | I57: =TRUNC(F57 * H57, 2) -> 2408.56 | J57: =TRUNC(F57*G57,2) -> 1869.71 | K57: 1880.46
A58: 12.12 | B58: 170869 | C58: SEDOP | D58: Quadro de comando - proteção trifásico - 2CV | E58: UN | F58: ='MEMORIA DE CÁLCULO ADITIVOS'!F83 -> 1 | G58: =K58*$L$10 -> 1183.5165 | H58: =TRUNC(G58 * (1 + 28.82 / 100), 2) -> 1524.6 | I58: =TRUNC(F58 * H58, 2) -> 1524.6 | J58: =TRUNC(F58*G58,2) -> 1183.51 | K58: 1190.32
A59: 12.13 | B59: 191274 | C59: SEDOP | D59: Torneira de bóia 3/4" | E59: UN | F59: ='MEMORIA DE CÁLCULO ADITIVOS'!F84 -> 2 | G59: =K59*$L$10 -> 60.412713 | H59: =TRUNC(G59 * (1 + 28.82 / 100), 2) -> 77.82 | I59: =TRUNC(F59 * H59, 2) -> 155.64 | J59: =TRUNC(F59*G59,2) -> 120.82 | K59: 60.76
A60: 12.14 | B60: 00000111 | C60: Próprio | D60: FORNEC. E ASSENT. DE TAMPA METALICA EM CHAPA DE ACO XADREZ COM SUPORTE PARA TRAFEGO - Copia da EMBASA (100443) | E60: m2 | F60: ='MEMORIA DE CÁLCULO ADITIVOS'!F85 -> 1 | G60: =K60*$L$10 -> 618.58403 | H60: =TRUNC(G60 * (1 + 28.82 / 100), 2) -> 796.85 | I60: =TRUNC(F60 * H60, 2) -> 796.85 | J60: =TRUNC(F60*G60,2) -> 618.58 | K60: 622.14
A61: 12.15 | B61: 00000093 | C61: Próprio | D61: Poço Tubular d= 6" - prof.= 30m - Copia da SEDOP (220496) | E61: UN | F61: ='MEMORIA DE CÁLCULO ADITIVOS'!F86 -> 1 | G61: =K61*$L$10 -> 26096.015 | H61: =TRUNC(G61 * (1 + 28.82 / 100), 2) -> 33616.88 | I61: =TRUNC(F61 * H61, 2) -> 33616.88 | J61: =TRUNC(F61*G61,2) -> 26096.01 | K61: 26246.03
A62: 15 | D62: SISTEMA DE PROTEÇÃO CONTRA INCÊNCIO | I62: =SUM(I63:I66) -> 357.92 | J62: =TRUNC(F62*G62,2) -> 0
A63: 15.1 | B63: 72553 | C63: SINAPI | D63: Extintor PQS - 6KG | E63: UN | F63: ='MEMORIA DE CÁLCULO ADITIVOS'!F89 -> 1 | G63: =CPU!J1203 -> 200.56 | H63: =TRUNC(G63 * (1 + 28.82 / 100), 2) -> 258.36 | I63: =TRUNC(F63 * H63, 2) -> 258.36 | J63: =TRUNC(F63*G63,2) -> 200.56
A64: 15.2 | B64: 97599 | C64: SINAPI | D64: Luminária de emergência de blocos aucônomos de LED, com autonomia de 2h | E64: UN | F64: ='MEMORIA DE CÁLCULO ADITIVOS'!F90 -> 1 | G64: =CPU!J1211 -> 30.4 | H64: =TRUNC(G64 * (1 + 28.82 / 100), 2) -> 39.16 | I64: =TRUNC(F64 * H64, 2) -> 39.16 | J64: =TRUNC(F64*G64,2) -> 30.4
A65: 15.3 | B65: 72947 | C65: SINAPI | D65: Marcação de piso com tinta retrorrefletiva para localização de extintor, dimensões 100x100cm | E65: m² | F65: ='MEMORIA DE CÁLCULO ADITIVOS'!F91 -> 1 | G65: =CPU!J1218 -> 16.45 | H65: =TRUNC(G65 * (1 + 28.82 / 100), 2) -> 21.19 | I65: =TRUNC(F65 * H65, 2) -> 21.19 | J65: =TRUNC(F65*G65,2) -> 16.45
A66: 15.4 | B66: 00000147 | C66: Próprio | D66: Placa de sinalização em PVC fotoluminescente, dimensões até 480cm² | E66: UN | F66: ='MEMORIA DE CÁLCULO ADITIVOS'!F92 -> 1 | G66: =CPU!J1229 -> 30.44 | H66: =TRUNC(G66 * (1 + 28.82 / 100), 2) -> 39.21 | I66: =TRUNC(F66 * H66, 2) -> 39.21 | J66: =TRUNC(F66*G66,2) -> 30.44
A67: 16 | D67: INSTALAÇÕES ELÉTRICAS | I67: =I68+I73+I77+I81 -> 10554.01 | J67: =TRUNC(F67*G67,2) -> 0
A68: 16.1 | D68: QUADRO DE DISTRIBUIÇÃO | I68: =SUM(I69:I72) -> 1453.62 | J68: =TRUNC(F68*G68,2) -> 0
A69: 16.1.1 | B69: 83463 | C69: SINAPI | D69: Quadro de distribuição de embutir, sem barramento, para 12 disjuntores padrão europeu (linha branca), exclusive disjuntores | E69: UN | F69: ='MEMORIA DE CÁLCULO ADITIVOS'!F96 -> 2 | G69: =CPU!J1236 -> 413.03 | H69: =TRUNC(G69 * (1 + 28.82 / 100), 2) -> 532.06 | I69: =TRUNC(F69 * H69, 2) -> 1064.12 | J69: =TRUNC(F69*G69,2) -> 826.06
A70: 16.1.4 | B70: 74130/001 | C70: SINAPI | D70: Disjuntor termomagnetico monopolar 10 A, padrão DIN (linha branca) | E70: UN | F70: ='MEMORIA DE CÁLCULO ADITIVOS'!F97 -> 1 | G70: =CPU!J1258 -> 14.19 | H70: =TRUNC(G70 * (1 + 28.82 / 100), 2) -> 18.27 | I70: =TRUNC(F70 * H70, 2) -> 18.27 | J70: =TRUNC(F70*G70,2) -> 14.19
A71: 16.1.5 | B71: 74130/001 | C71: SINAPI | D71: Disjuntor termomagnetico monopolar 25 A, padrão DIN (linha branca) | E71: UN | F71: ='MEMORIA DE CÁLCULO ADITIVOS'!F98 -> 1 | G71: =CPU!J1264 -> 14.19 | H71: =TRUNC(G71 * (1 + 28.82 / 100), 2) -> 18.27 | I71: =TRUNC(F71 * H71, 2) -> 18.27 | J71: =TRUNC(F71*G71,2) -> 14.19
A72: 16.1.7 | B72: 00000118 | C72: Próprio | D72: Dispositivo de proteção contra surto | E72: Un | F72: ='MEMORIA DE CÁLCULO ADITIVOS'!F99 -> 2 | G72: =CPU!J1276 -> 137 | H72: =TRUNC(G72 * (1 + 28.82 / 100), 2) -> 176.48 | I72: =TRUNC(F72 * H72, 2) -> 352.96 | J72: =TRUNC(F72*G72,2) -> 274
A73: 16.2 | D73: ELETRODUTOS E ACESSÓRIOS | I73: =SUM(I74:I76) -> 1805.55 | J73: =TRUNC(F73*G73,2) -> 0
A74: 16.2.1 | B74: 91854 | C74: SINAPI | D74: Eletroduto PVC flexível corrugado reforçado, Ø25mm (DN 3/4") | E74: M | F74: ='MEMORIA DE CÁLCULO ADITIVOS'!F103 -> 150 | G74: =CPU!J1340 -> 9.14 | H74: =TRUNC(G74 * (1 + 28.82 / 100), 2) -> 11.77 | I74: =TRUNC(F74 * H74, 2) -> 1765.5 | J74: =TRUNC(F74*G74,2) -> 1371
A75: 16.2.12 | B75: 91941 | C75: SINAPI | D75: Caixa de passagem PVC 4x2" | E75: UN | F75: ='MEMORIA DE CÁLCULO ADITIVOS'!F104 -> 2 | G75: =CPU!J1436 -> 9.92 | H75: =TRUNC(G75 * (1 + 28.82 / 100), 2) -> 12.77 | I75: =TRUNC(F75 * H75, 2) -> 25.54 | J75: =TRUNC(F75*G75,2) -> 19.84
A76: 16.2.13 | B76: 91937 | C76: SINAPI | D76: Caixa de passagem PVC 3" octogonal | E76: UN | F76: ='MEMORIA DE CÁLCULO ADITIVOS'!F105 -> 1 | G76: =CPU!J1444 -> 11.27 | H76: =TRUNC(G76 * (1 + 28.82 / 100), 2) -> 14.51 | I76: =TRUNC(F76 * H76, 2) -> 14.51 | J76: =TRUNC(F76*G76,2) -> 11.27
A77: 16.3 | D77: CABOS E FIOS (CONDUTORES) | I77: =SUM(I78:I80) -> 3636 | J77: =TRUNC(F77*G77,2) -> 0
A78: 16.3.1 | B78: 91924 | C78: SINAPI | D78: Condutor de cobre unipolar, isolação em PVC/70ºC, camada de proteção em PVC, não propagador de chamas, classe de tensão 750V, encordoamento classe 5, flexível, com as seguintes seções nominais: #1,5 mm² | E78: M | F78: ='MEMORIA DE CÁLCULO ADITIVOS'!F108 -> 200 | G78: =CPU!J1451 -> 2.81 | H78: =TRUNC(G78 * (1 + 28.82 / 100), 2) -> 3.61 | I78: =TRUNC(F78 * H78, 2) -> 722 | J78: =TRUNC(F78*G78,2) -> 562
A79: 16.3.2 | B79: 91926 | C79: SINAPI | D79: Condutor de cobre unipolar, isolação em PVC/70ºC, camada de proteção em PVC, não propagador de chamas, classe de tensão 750V, encordoamento classe 5, flexível, com as seguintes seções nominais: #2,5 mm² | E79: M | F79: ='MEMORIA DE CÁLCULO ADITIVOS'!F109 -> 400 | G79: =CPU!J1459 -> 4.08 | H79: =TRUNC(G79 * (1 + 28.82 / 100), 2) -> 5.25 | I79: =TRUNC(F79 * H79, 2) -> 2100 | J79: =TRUNC(F79*G79,2) -> 1632
A80: 16.3.3 | B80: 91928 | C80: SINAPI | D80: Condutor de cobre unipolar, isolação em PVC/70ºC, camada de proteção em PVC, não propagador de chamas, classe de tensão 750V, encordoamento classe 5, flexível, com as seguintes seções nominais: #4 mm² | E80: M | F80: ='MEMORIA DE CÁLCULO ADITIVOS'!F110 -> 100 | G80: =CPU!J1467 -> 6.32 | H80: =TRUNC(G80 * (1 + 28.82 / 100), 2) -> 8.14 | I80: =TRUNC(F80 * H80, 2) -> 814 | J80: =TRUNC(F80*G80,2) -> 632
A81: 16.4 | D81: ILUMINAÇÃO E TOMADAS | I81: =SUM(I82:I84) -> 3658.84 | J81: =TRUNC(F81*G81,2) -> 0
A82: 16.4.2 | B82: 92001 | C82: SINAPI | D82: Tomada universal, 2P+T, 20A/250V, cor branca, completa | E82: UN | F82: ='MEMORIA DE CÁLCULO ADITIVOS'!F114 -> 1 | G82: =CPU!J1545 -> 27.74 | H82: =TRUNC(G82 * (1 + 28.82 / 100), 2) -> 35.73 | I82: =TRUNC(F82 * H82, 2) -> 35.73 | J82: =TRUNC(F82*G82,2) -> 27.74
A83: 16.4.3 | B83: 91953 | C83: SINAPI | D83: Interruptor simples 10 A, completa | E83: UN | F83: ='MEMORIA DE CÁLCULO ADITIVOS'!F115 -> 1 | G83: =CPU!J1551 -> 24.15 | H83: =TRUNC(G83 * (1 + 28.82 / 100), 2) -> 31.11 | I83: =TRUNC(F83 * H83, 2) -> 31.11 | J83: =TRUNC(F83*G83,2) -> 24.15
A84: 16.4.9 | B84: 00000159 | C84: Próprio | D84: Luminaria de embutir completa c/lamp. fluorescente/Led2x16W | E84: UN | F84: ='MEMORIA DE CÁLCULO ADITIVOS'!F116 -> 20 | G84: =CPU!J1588 -> 139.42 | H84: =TRUNC(G84 * (1 + 28.82 / 100), 2) -> 179.6 | I84: =TRUNC(F84 * H84, 2) -> 3592 | J84: =TRUNC(F84*G84,2) -> 2788.4
A85: 19 | D85: SERVIÇOS FINAIS | I85: =I86 -> 267.68 | J85: =TRUNC(F85*G85,2) -> 0
A86: 19.2 | B86: 99803 | C86: SINAPI | D86: Limpeza geral | E86: m² | F86: =F39 -> 112 | G86: =CPU!J1829 -> 1.86 | H86: =TRUNC(G86 * (1 + 28.82 / 100), 2) -> 2.39 | I86: =TRUNC(F86 * H86, 2) -> 267.68 | J86: =TRUNC(F86*G86,2) -> 208.32
A88: =ORCAMENTO!B21 -> ANANINDEUA(PA), 16 DE JUNHO DE 2025 | F88: Total sem BDI | H88: =SUM(J6:J86) -> #REF!
F89: Total do BDI | H89: =H90-H88 -> #REF!
F90: Total Geral | H90: =ORCAMENTO!E23 -> 425006.81
A92: =ORCAMENTO!B25 -> RIOL - Serviços de Construções LTDA.
A93: =ORCAMENTO!B26 -> CNPJ: 09.335.585/0001-75

Sheet CPU ADITIVOS
C4: Composições Analíticas com Preço Unitário | E4: Bancos | G4: B.D.I. | I4: Encargos Sociais
C5: COMPOSIÇÕES ADITIVO CONCLUSÃO EMEIF "CAETÉ" | E5: SINAPI - 02/2023 - Pará SEDOP - 02/2023 - Pará | G5: 0,0% | I5: Desonerado: embutido nos preços unitário dos insumos de mão de obra, de acordo com as bases.
A6: Composições Analíticas com Preço Unitário
A7: Composições Principais
A8: 1 | B8: Código | C8: Banco | D8: Descrição | E8: Tipo | G8: Und | H8: Quant. | I8: Valor Unit | J8: Total
A9: Composição | B9: 104487 | C9: SINAPI | D9: COMPOSIÇÃO PARAMÉTRICA PARA EXECUÇÃO DE ESTRUTURAS DE CONCRETO ARMADO, PARA EDIFICAÇÃO HABITACIONAL UNIFAMILIAR TÉRREA (CASA EM EMPREENDIMENTOS), FCK = 25 MPA. AF_11/2022 | E9: FUES - FUNDAÇÕES E ESTRUTURAS | G9: m³ | H9: 1 | I9: 2822.85 | J9: 2822.85
A10: Composição Auxiliar | B10: 103672 | C10: SINAPI | D10: CONCRETAGEM DE PILARES, FCK = 25 MPA, COM USO DE BOMBA - LANÇAMENTO, ADENSAMENTO E ACABAMENTO. AF_02/2022 | E10: FUES - FUNDAÇÕES E ESTRUTURAS | G10: m³ | H10: 0.1445 | I10: 838.34 | J10: 121.14
A11: Composição Auxiliar | B11: 103675 | C11: SINAPI | D11: CONCRETAGEM DE VIGAS E LAJES, FCK=25 MPA, PARA LAJES MACIÇAS OU NERVURADAS COM USO DE BOMBA - LANÇAMENTO, ADENSAMENTO E ACABAMENTO. AF_02/2022 | E11: FUES - FUNDAÇÕES E ESTRUTURAS | G11: m³ | H11: 0.7623 | I11: 838.74 | J11: 639.37
A12: Composição Auxiliar | B12: 92419 | C12: SINAPI | D12: MONTAGEM E DESMONTAGEM DE FÔRMA DE PILARES RETANGULARES E ESTRUTURAS SIMILARES, PÉ-DIREITO SIMPLES, EM CHAPA DE MADEIRA COMPENSADA RESINADA, 4 UTILIZAÇÕES. AF_09/2020 | E12: FUES - FUNDAÇÕES E ESTRUTURAS | G12: m² | H12: 1.5027 | I12: 84.46 | J12: 126.91
A13: Composição Auxiliar | B13: 92455 | C13: SINAPI | D13: MONTAGEM E DESMONTAGEM DE FÔRMA DE VIGA, ESCORAMENTO COM GARFO DE MADEIRA, PÉ-DIREITO SIMPLES, EM CHAPA DE MADEIRA RESINADA, 4 UTILIZAÇÕES. AF_09/2020 | E13: FUES - FUNDAÇÕES E ESTRUTURAS | G13: m² | H13: 2.0916 | I13: 160.89 | J13: 336.51
A14: Composição Auxiliar | B14: 92514 | C14: SINAPI | D14: MONTAGEM E DESMONTAGEM DE FÔRMA DE LAJE MACIÇA, PÉ-DIREITO SIMPLES, EM CHAPA DE MADEIRA COMPENSADA RESINADA, 4 UTILIZAÇÕES. AF_09/2020 | E14: FUES - FUNDAÇÕES E ESTRUTURAS | G14: m² | H14: 5.0823 | I14: 51.7 | J14: 262.75
A15: Composição Auxiliar | B15: 92759 | C15: SINAPI | D15: ARMAÇÃO DE PILAR OU VIGA DE ESTRUTURA CONVENCIONAL DE CONCRETO ARMADO UTILIZANDO AÇO CA-60 DE 5,0 MM - MONTAGEM. AF_06/2022 | E15: FUES - FUNDAÇÕES E ESTRUTURAS | G15: KG | H15: 2.6967 | I15: 14.81 | J15: 39.93
A16: Composição Auxiliar | B16: 92760 | C16: SINAPI | D16: ARMAÇÃO DE PILAR OU VIGA DE ESTRUTURA CONVENCIONAL DE CONCRETO ARMADO UTILIZANDO AÇO CA-50 DE 6,3 MM - MONTAGEM. AF_06/2022 | E16: FUES - FUNDAÇÕES E ESTRUTURAS | G16: KG | H16: 1.0504 | I16: 14.34 | J16: 15.06
A17: Composição Auxiliar | B17: 92761 | C17: SINAPI | D17: ARMAÇÃO DE PILAR OU VIGA DE ESTRUTURA CONVENCIONAL DE CONCRETO ARMADO UTILIZANDO AÇO CA-50 DE 8,0 MM - MONTAGEM. AF_06/2022 | E17: FUES - FUNDAÇÕES E ESTRUTURAS | G17: KG | H17: 0.554 | I17: 13.76 | J17: 7.62
A18: Composição Auxiliar | B18: 92762 | C18: SINAPI | D18: ARMAÇÃO DE PILAR OU VIGA DE ESTRUTURA CONVENCIONAL DE CONCRETO ARMADO UTILIZANDO AÇO CA-50 DE 10,0 MM - MONTAGEM. AF_06/2022 | E18: FUES - FUNDAÇÕES E ESTRUTURAS | G18: KG | H18: 19.8152 | I18: 12.41 | J18: 245.9
A19: Composição Auxiliar | B19: 92763 | C19: SINAPI | D19: ARMAÇÃO DE PILAR OU VIGA DE ESTRUTURA CONVENCIONAL DE CONCRETO ARMADO UTILIZANDO AÇO CA-50 DE 12,5 MM - MONTAGEM. AF_06/2022 | E19: FUES - FUNDAÇÕES E ESTRUTURAS | G19: KG | H19: 4.6157 | I19: 10.53 | J19: 48.6
A20: Composição Auxiliar | B20: 92768 | C20: SINAPI | D20: ARMAÇÃO DE LAJE DE ESTRUTURA CONVENCIONAL DE CONCRETO ARMADO UTILIZANDO AÇO CA-60 DE 5,0 MM - MONTAGEM. AF_06/2022 | E20: FUES - FUNDAÇÕES E ESTRUTURAS | G20: KG | H20: 8.0102 | I20: 14.38 | J20: 115.18
... A29: Composição Auxiliar | B29: 96557 | C29: SINAPI | D29: CONCRETAGEM DE BLOCOS DE COROAMENTO E VIGAS BALDRAMES, FCK 30 MPA, COM USO DE BOMBA  LANÇAMENTO, ADENSAMENTO E ACABAMENTO. AF_06/2017 | E29: FUES - FUNDAÇÕES E ESTRUTURAS | G29: m³ | H29: 0.0931 | I29: 880.83 | J29: 82
E30: MO sem LS => | F30: 435.31 | G30: LS => | H30: 0 | I30: MO com LS => | J30: 435.31
E31: Valor do BDI => | F31: 0 | H31: Valor com BDI => | J31: 2822.85
A33: 2 | B33: Código | C33: Banco | D33: Descrição | E33: Tipo | G33: Und | H33: Quant. | I33: Valor Unit | J33: Total
A34: Composição | B34: 101963 | C34: SINAPI | D34: LAJE PRÉ-MOLDADA UNIDIRECIONAL, BIAPOIADA, PARA PISO, ENCHIMENTO EM CERÂMICA, VIGOTA CONVENCIONAL, ALTURA TOTAL DA LAJE (ENCHIMENTO+CAPA) = (8+4). AF_11/2020 | E34: FUES - FUNDAÇÕES E ESTRUTURAS | G34: m² | H34: 1 | I34: 193.27 | J34: 193.27
A35: Composição Auxiliar | B35: 103674 | C35: SINAPI | D35: CONCRETAGEM DE VIGAS E LAJES, FCK=25 MPA, PARA LAJES PREMOLDADAS COM USO DE BOMBA - LANÇAMENTO, ADENSAMENTO E ACABAMENTO. AF_02/2022 | E35: FUES - FUNDAÇÕES E ESTRUTURAS | G35: m³ | H35: 0.054 | I35: 856.12 | J35: 46.23
A36: Composição Auxiliar | B36: 88262 | C36: SINAPI | D36: CARPINTEIRO DE FORMAS COM ENCARGOS COMPLEMENTARES | E36: SEDI - SERVIÇOS DIVERSOS | G36: H | H36: 0.501 | I36: 23.61 | J36: 11.82
A37: Composição Auxiliar | B37: 88316 | C37: SINAPI | D37: SERVENTE COM ENCARGOS COMPLEMENTARES | E37: SEDI - SERVIÇOS DIVERSOS | G37: H | H37: 0.354 | I37: 19.22 | J37: 6.8
A38: Composição Auxiliar | B38: 92273 | C38: SINAPI | D38: FABRICAÇÃO DE ESCORAS DO TIPO PONTALETE, EM MADEIRA, PARA PÉ-DIREITO SIMPLES. AF_09/2020 | E38: FUES - FUNDAÇÕES E ESTRUTURAS | G38: M | H38: 0.97 | I38: 18.22 | J38: 17.67
A39: Composição Auxiliar | B39: 92767 | C39: SINAPI | D39: ARMAÇÃO DE LAJE DE ESTRUTURA CONVENCIONAL DE CONCRETO ARMADO UTILIZANDO AÇO CA-60 DE 4,2 MM - MONTAGEM. AF_06/2022 | E39: FUES - FUNDAÇÕES E ESTRUTURAS | G39: KG | H39: 1.211 | I39: 16.06 | J39: 19.44
A40: Insumo | B40: 00003743 | C40: SINAPI | D40: LAJE PRE-MOLDADA CONVENCIONAL (LAJOTAS + VIGOTAS) PARA PISO, UNIDIRECIONAL, SOBRECARGA DE 200 KG/M2, VAO ATE 3,50 M (SEM COLOCACAO) | E40: Material | G40: m² | H40: 1 | I40: 57.13 | J40: 57.13
A41: Insumo | B41: 00006193 | C41: SINAPI | D41: TABUA NAO APARELHADA *2,5 X 20* CM, EM MACARANDUBA, ANGELIM OU EQUIVALENTE DA REGIAO - BRUTA | E41: Material | G41: M | H41: 1.87 | I41: 17.66 | J41: 33.02
A42: Insumo | B42: 00040304 | C42: SINAPI | D42: PREGO DE ACO POLIDO COM CABECA DUPLA 17 X 27 (2 1/2 X 11) | E42: Material | G42: KG | H42: 0.04 | I42: 29.1 | J42: 1.16
E43: MO sem LS => | F43: 21.03 | G43: LS => | H43: 0 | I43: MO com LS => | J43: 21.03
E44: Valor do BDI => | F44: 0 | H44: Valor com BDI => | J44: 193.27
A46: 3 | B46: Código | C46: Banco | D46: Descrição | E46: Tipo | G46: Und | H46: Quant. | I46: Valor Unit | J46: Total
A47: Composição | B47: 99861 | C47: SINAPI | D47: GRADIL EM FERRO FIXADO EM VÃOS DE JANELAS, FORMADO POR BARRAS CHATAS DE 25X4,8 MM. AF_04/2019 | E47: ESQV - ESQUADRIAS/FERRAGENS/VIDROS | G47: m² | H47: 1 | I47: 599.99 | J47: 599.99
A48: Composição Auxiliar | B48: 88251 | C48: SINAPI | D48: AUXILIAR DE SERRALHEIRO COM ENCARGOS COMPLEMENTARES | E48: SEDI - SERVIÇOS DIVERSOS | G48: H | H48: 6.965 | I48: 19.69 | J48: 137.14
A49: Composição Auxiliar | B49: 88315 | C49: SINAPI | D49: SERRALHEIRO COM ENCARGOS COMPLEMENTARES | E49: SEDI - SERVIÇOS DIVERSOS | G49: H | H49: 8.479 | I49: 23.79 | J49: 201.71
A50: Composição Auxiliar | B50: 88629 | C50: SINAPI | D50: ARGAMASSA TRAÇO 1:3 (EM VOLUME DE CIMENTO E AREIA MÉDIA ÚMIDA), PREPARO MANUAL. AF_08/2019 | E50: SEDI - SERVIÇOS DIVERSOS | G50: m³ | H50: 0.008 | I50: 869.53 | J50: 6.95
A51: Insumo | B51: 00000565 | C51: SINAPI | D51: BARRA DE ACO CHATO, RETANGULAR, 25,4 MM X 4,76 MM (L X E), 1,73 KG/M | E51: Material | G51: M | H51: 9.17 | I51: 18.26 | J51: 167.44
A52: Insumo | B52: 00004777 | C52: SINAPI | D52: CANTONEIRA ACO ABAS IGUAIS (QUALQUER BITOLA), ESPESSURA ENTRE 1/8" E 1/4" | E52: Material | G52: KG | H52: 7.544 | I52: 10.69 | J52: 80.64
A53: Insumo | B53: 00011002 | C53: SINAPI | D53: ELETRODO REVESTIDO AWS - E6013, DIAMETRO IGUAL A 2,50 MM | E53: Material | G53: KG | H53: 0.115 | I53: 53.19 | J53: 6.11
E54: MO sem LS => | F54: 225.08 | G54: LS => | H54: 0 | I54: MO com LS => | J54: 225.08
E55: Valor do BDI => | F55: 0 | H55: Valor com BDI => | J55: 599.99
A57: 4 | B57: Código | C57: Banco | D57: Descrição | E57: Tipo | G57: Und | H57: Quant. | I57: Valor Unit | J57: Total
A58: Composição | B58: 102363 | C58: SINAPI | D58: ALAMBRADO PARA QUADRA POLIESPORTIVA, ESTRUTURADO POR TUBOS DE ACO GALVANIZADO, (MONTANTES COM DIAMETRO 2", TRAVESSAS E ESCORAS COM DIÂMETRO 1 ¼), COM TELA DE ARAME GALVANIZADO, FIO 12 BWG E MALHA QUADRADA 5X5CM (EXCETO MURETA). AF_03/2021 | E58: URBA - URBANIZAÇÃO | G58: m² | H58: 1 | I58: 170.5 | J58: 170.5
A59: Composição Auxiliar | B59: 88315 | C59: SINAPI | D59: SERRALHEIRO COM ENCARGOS COMPLEMENTARES | E59: SEDI - SERVIÇOS DIVERSOS | G59: H | H59: 0.9774 | I59: 23.79 | J59: 23.25
A60: Composição Auxiliar | B60: 88316 | C60: SINAPI | D60: SERVENTE COM ENCARGOS COMPLEMENTARES | E60: SEDI - SERVIÇOS DIVERSOS | G60: H | H60: 0.9774 | I60: 19.22 | J60: 18.78
A61: Composição Auxiliar | B61: 94962 | C61: SINAPI | D61: CONCRETO MAGRO PARA LASTRO, TRAÇO 1:4,5:4,5 (EM MASSA SECA DE CIMENTO/ AREIA MÉDIA/ BRITA 1) - PREPARO MECÂNICO COM BETONEIRA 400 L. AF_05/2021 | E61: FUES - FUNDAÇÕES E ESTRUTURAS | G61: m³ | H61: 0.0045 | I61: 532.86 | J61: 2.39
A62: Insumo | B62: 00007158 | C62: SINAPI | D62: TELA DE ARAME GALVANIZADA QUADRANGULAR / LOSANGULAR, FIO 2,77 MM (12 BWG), MALHA 5 X 5 CM, H = 2 M | E62: Material | G62: m² | H62: 1.0203 | I62: 47.4 | J62: 48.36
A63: Insumo | B63: 00007696 | C63: SINAPI | D63: TUBO ACO GALVANIZADO COM COSTURA, CLASSE MEDIA, DN 2", E = *3,65* MM, PESO *5,10* KG/M (NBR 5580) | E63: Material | G63: M | H63: 0.6105 | I63: 66.77 | J63: 40.76
A64: Insumo | B64: 00007698 | C64: SINAPI | D64: TUBO ACO GALVANIZADO COM COSTURA, CLASSE MEDIA, DN 1.1/4", E = *3,25* MM, PESO *3,14* KG/M (NBR 5580) | E64: Material | G64: M | H64: 0.8701 | I64: 39.86 | J64: 34.68
A65: Insumo | B65: 00011002 | C65: SINAPI | D65: ELETRODO REVESTIDO AWS - E6013, DIAMETRO IGUAL A 2,50 MM | E65: Material | G65: KG | H65: 0.0025 | I65: 53.19 | J65: 0.13
A66: Insumo | B66: 00043130 | C66: SINAPI | D66: ARAME GALVANIZADO 12 BWG, D = 2,76 MM (0,048 KG/M) OU 14 BWG, D = 2,11 MM (0,026 KG/M) | E66: Material | G66: KG | H66: 0.0797 | I66: 27 | J66: 2.15
E67: MO sem LS => | F67: 27.9 | G67: LS => | H67: 0 | I67: MO com LS => | J67: 27.9
E68: Valor do BDI => | F68: 0 | H68: Valor com BDI => | J68: 170.5
A70: 5 | B70: Código | C70: Banco | D70: Descrição | E70: Tipo | G70: Und | H70: Quant. | I70: Valor Unit | J70: Total
A71: Composição | B71: 84093 | C71: SINAPI | D71: TABEIRA DE MADEIRA LEI, 1A QUALIDADE, 2,5X30,0CM PARA BEIRAL DE TELHADO | E71: REVE - REVESTIMENTO E TRATAMENTO DE SUPERFÍCIES | G71: M | H71: 1 | I71: 41.91 | J71: 41.91
A72: Composição Auxiliar | B72: 88239 | C72: SINAPI | D72: AJUDANTE DE CARPINTEIRO COM ENCARGOS COMPLEMENTARES | E72: SEDI - SERVIÇOS DIVERSOS | G72: H | H72: 0.4 | I72: 19.55 | J72: 7.82
A73: Composição Auxiliar | B73: 88262 | C73: SINAPI | D73: CARPINTEIRO DE FORMAS COM ENCARGOS COMPLEMENTARES | E73: SEDI - SERVIÇOS DIVERSOS | G73: H | H73: 0.15 | I73: 23.61 | J73: 3.54
A74: Insumo | B74: 00003992 | C74: SINAPI | D74: TABUA APARELHADA *2,5 X 30* CM, EM MACARANDUBA, ANGELIM OU EQUIVALENTE DA REGIAO | E74: Material | G74: M | H74: 1 | I74: 29 | J74: 29
A75: Insumo | B75: 00005066 | C75: SINAPI | D75: PREGO DE ACO POLIDO COM CABECA 12 X 12 | E75: Material | G75: KG | H75: 0.05 | I75: 31.07 | J75: 1.55
E76: MO sem LS => | F76: 7.37 | G76: LS => | H76: 0 | I76: MO com LS => | J76: 7.37
E77: Valor do BDI => | F77: 0 | H77: Valor com BDI => | J77: 41.91
A79: 6 | B79: Código | C79: Banco | D79: Descrição | E79: Tipo | G79: Und | H79: Quant. | I79: Valor Unit | J79: Total
A80: Composição | B80: 99630 | C80: SINAPI | D80: VÁLVULA DE RETENÇÃO VERTICAL, DE BRONZE, ROSCÁVEL, 1 1/4" - FORNECIMENTO E INSTALAÇÃO. AF_08/2021 | E80: INHI - INSTALAÇÕES HIDROS SANITÁRIAS | G80: UN | H80: 1 | I80: 112.04 | J80: 112.04
A81: Composição Auxiliar | B81: 88248 | C81: SINAPI | D81: AUXILIAR DE ENCANADOR OU BOMBEIRO HIDRÁULICO COM ENCARGOS COMPLEMENTARES | E81: SEDI - SERVIÇOS DIVERSOS | G81: H | H81: 0.2021 | I81: 19.09 | J81: 3.85
A82: Composição Auxiliar | B82: 88267 | C82: SINAPI | D82: ENCANADOR OU BOMBEIRO HIDRÁULICO COM ENCARGOS COMPLEMENTARES | E82: SEDI - SERVIÇOS DIVERSOS | G82: H | H82: 0.2021 | I82: 23.22 | J82: 4.69
A83: Insumo | B83: 00003148 | C83: SINAPI | D83: FITA VEDA ROSCA EM ROLOS DE 18 MM X 50 M (L X C) | E83: Material | G83: UN | H83: 0.0168 | I83: 12.54 | J83: 0.21
A84: Insumo | B84: 00010419 | C84: SINAPI | D84: VALVULA DE RETENCAO VERTICAL, DE BRONZE (PN-16), 1 1/4", 200 PSI, EXTREMIDADES COM ROSCA | E84: Material | G84: UN | H84: 1 | I84: 103.29 | J84: 103.29
E85: MO sem LS => | F85: 5.82 | G85: LS => | H85: 0 | I85: MO com LS => | J85: 5.82
E86: Valor do BDI => | F86: 0 | H86: Valor com BDI => | J86: 112.04
A88: 7 | B88: Código | C88: Banco | D88: Descrição | E88: Tipo | G88: Und | H88: Quant. | I88: Valor Unit | J88: Total
A89: Composição | B89: 99621 | C89: SINAPI | D89: VÁLVULA DE RETENÇÃO HORIZONTAL, DE BRONZE, ROSCÁVEL, 1 1/4" - FORNECIMENTO E INSTALAÇÃO. AF_08/2021 | E89: INHI - INSTALAÇÕES HIDROS SANITÁRIAS | G89: UN | H89: 1 | I89: 208.75 | J89: 208.75
A90: Composição Auxiliar | B90: 88248 | C90: SINAPI | D90: AUXILIAR DE ENCANADOR OU BOMBEIRO HIDRÁULICO COM ENCARGOS COMPLEMENTARES | E90: SEDI - SERVIÇOS DIVERSOS | G90: H | H90: 0.2021 | I90: 19.09 | J90: 3.85
A91: Composição Auxiliar | B91: 88267 | C91: SINAPI | D91: ENCANADOR OU BOMBEIRO HIDRÁULICO COM ENCARGOS COMPLEMENTARES | E91: SEDI - SERVIÇOS DIVERSOS | G91: H | H91: 0.2021 | I91: 23.22 | J91: 4.69
A92: Insumo | B92: 00003148 | C92: SINAPI | D92: FITA VEDA ROSCA EM ROLOS DE 18 MM X 50 M (L X C) | E92: Material | G92: UN | H92: 0.0168 | I92: 12.54 | J92: 0.21
A93: Insumo | B93: 00010411 | C93: SINAPI | D93: VALVULA DE RETENCAO HORIZONTAL, DE BRONZE (PN-25), 1 1/4", 400 PSI, TAMPA DE PORCA DE UNIAO, EXTREMIDADES COM ROSCA | E93: Material | G93: UN | H93: 1 | I93: 200 | J93: 200
E94: MO sem LS => | F94: 5.82 | G94: LS => | H94: 0 | I94: MO com LS => | J94: 5.82
E95: Valor do BDI => | F95: 0 | H95: Valor com BDI => | J95: 208.75
A97: 8 | B97: Código | C97: Banco | D97: Descrição | E97: Tipo | G97: Und | H97: Quant. | I97: Valor Unit | J97: Total
A98: Composição | B98: 94705 | C98: SINAPI | D98: ADAPTADOR COM FLANGE E ANEL DE VEDAÇÃO, PVC, SOLDÁVEL, DN 40 MM X 1 1/4 , INSTALADO EM RESERVAÇÃO DE ÁGUA DE EDIFICAÇÃO QUE POSSUA RESERVATÓRIO DE FIBRA/FIBROCIMENTO FORNECIMENTO E INSTALAÇÃO. AF_06/2016 | E98: INHI - INSTALAÇÕES HIDROS SANITÁRIAS | G98: UN | H98: 1 | I98: 38.48 | J98: 38.48
A99: Composição Auxiliar | B99: 88248 | C99: SINAPI | D99: AUXILIAR DE ENCANADOR OU BOMBEIRO HIDRÁULICO COM ENCARGOS COMPLEMENTARES | E99: SEDI - SERVIÇOS DIVERSOS | G99: H | H99: 0.136 | I99: 19.09 | J99: 2.59
A100: Composição Auxiliar | B100: 88267 | C100: SINAPI | D100: ENCANADOR OU BOMBEIRO HIDRÁULICO COM ENCARGOS COMPLEMENTARES | E100: SEDI - SERVIÇOS DIVERSOS | G100: H | H100: 0.136 | I100: 23.22 | J100: 3.15
A101: Insumo | B101: 00000098 | C101: SINAPI | D101: ADAPTADOR PVC SOLDAVEL, COM FLANGE E ANEL DE VEDACAO, 40 MM X 1 1/4", PARA CAIXA D'AGUA | E101: Material | G101: UN | H101: 1 | I101: 31.13 | J101: 31.13
A102: Insumo | B102: 00020080 | C102: SINAPI | D102: ADESIVO PLASTICO PARA PVC, FRASCO COM 175 GR | E102: Material | G102: UN | H102: 0.046 | I102: 19.08 | J102: 0.87
A103: Insumo | B103: 00020083 | C103: SINAPI | D103: SOLUCAO PREPARADORA / LIMPADORA PARA PVC, FRASCO COM 1000 CM3 | E103: Material | G103: UN | H103: 0.011 | I103: 66.25 | J103: 0.72
A104: Insumo | B104: 00038383 | C104: SINAPI | D104: LIXA D'AGUA EM FOLHA, GRAO 100 | E104: Material | G104: UN | H104: 0.014 | I104: 1.74 | J104: 0.02
E105: MO sem LS => | F105: 3.91 | G105: LS => | H105: 0 | I105: MO com LS => | J105: 3.91
E106: Valor do BDI => | F106: 0 | H106: Valor com BDI => | J106: 38.48
A108: 9 | B108: Código | C108: Banco | D108: Descrição | E108: Tipo | G108: Und | H108: Quant. | I108: Valor Unit | J108: Total
A109: Composição | B109: 94677 | C109: SINAPI | D109: CURVA 90 GRAUS, PVC, SOLDÁVEL, DN 40 MM, INSTALADO EM RESERVAÇÃO DE ÁGUA DE EDIFICAÇÃO QUE POSSUA RESERVATÓRIO DE FIBRA/FIBROCIMENTO FORNECIMENTO E INSTALAÇÃO. AF_06/2016 | E109: INHI - INSTALAÇÕES HIDROS SANITÁRIAS | G109: UN | H109: 1 | I109: 23.28 | J109: 23.28
A110: Composição Auxiliar | B110: 88248 | C110: SINAPI | D110: AUXILIAR DE ENCANADOR OU BOMBEIRO HIDRÁULICO COM ENCARGOS COMPLEMENTARES | E110: SEDI - SERVIÇOS DIVERSOS | G110: H | H110: 0.171 | I110: 19.09 | J110: 3.26
A111: Composição Auxiliar | B111: 88267 | C111: SINAPI | D111: ENCANADOR OU BOMBEIRO HIDRÁULICO COM ENCARGOS COMPLEMENTARES | E111: SEDI - SERVIÇOS DIVERSOS | G111: H | H111: 0.171 | I111: 23.22 | J111: 3.97
A112: Insumo | B112: 00001958 | C112: SINAPI | D112: CURVA DE PVC 90 GRAUS, SOLDAVEL, 40 MM, COR MARROM, PARA AGUA FRIA PREDIAL | E112: Material | G112: UN | H112: 1 | I112: 13.49 | J112: 13.49
A113: Insumo | B113: 00020080 | C113: SINAPI | D113: ADESIVO PLASTICO PARA PVC, FRASCO COM 175 GR | E113: Material | G113: UN | H113: 0.071 | I113: 19.08 | J113: 1.35
A114: Insumo | B114: 00020083 | C114: SINAPI | D114: SOLUCAO PREPARADORA / LIMPADORA PARA PVC, FRASCO COM 1000 CM3 | E114: Material | G114: UN | H114: 0.018 | I114: 66.25 | J114: 1.19
A115: Insumo | B115: 00038383 | C115: SINAPI | D115: LIXA D'AGUA EM FOLHA, GRAO 100 | E115: Material | G115: UN | H115: 0.017 | I115: 1.74 | J115: 0.02
E116: MO sem LS => | F116: 4.92 | G116: LS => | H116: 0 | I116: MO com LS => | J116: 4.92
E117: Valor do BDI => | F117: 0 | H117: Valor com BDI => | J117: 23.28
A119: 10 | B119: Código | C119: Banco | D119: Descrição | E119: Tipo | G119: Und | H119: Quant. | I119: Valor Unit | J119: Total
A120: Composição | B120: 94491 | C120: SINAPI | D120: REGISTRO DE ESFERA, PVC, SOLDÁVEL, COM VOLANTE, DN 40 MM - FORNECIMENTO E INSTALAÇÃO. AF_08/2021 | E120: INHI - INSTALAÇÕES HIDROS SANITÁRIAS | G120: UN | H120: 1 | I120: 54.8 | J120: 54.8
...

Sheet MEMORIA DE CÁLCULO ADITIVOS
A2: Obra | E2: Bancos
A3: =ORCAMENTO!A3 -> CONCLUSÃO EMEIF "CAETÉ" | E3: =ORCAMENTO!C3 -> SINAPI - 02/2023 - Pará
A4: Serviços Complementares - Memória de Cálculo
A5: Item | B5: Código | C5: Banco | D5: Descrição | E5: Und | F5: Quant.
A6: 2 | D6: MOVIMENTO DE TERRAS PARA FUNDAÇÕES
A7: 2.1 | B7: 93358 | C7: SINAPI | D7: Escavação mecanizada de valas em qualquer terreno até h=2,0 m | E7: m³ | F7: 18
D8: Escavação para construção da cisterna: 2,00x3,00x3,00 = 18,00 m³
A9: 3 | D9: FUNDAÇÕES
A10: 3.1 | D10: ESTACAS E ESTUTURAS EM CONCRETO ARMADO
A11: 3.1.1 | B11: 98230 | C11: SINAPI | D11: Estaca escavada mecanicamente com 30 cm de diametro, sem armação | E11: M | F11: =72+156+180-63 -> 345
D12: 01. Estacas Reservatório Elevado: 8 x 9 = 72 m 02. Estacas Passarela: 52 x 3 = 156 m 03. Estacas Trapiche: 9 x 20 = 180 m 04. Excluindo contratadas inicialmente: 63 m
A13: 3.1.2 | B13: 104488 | C13: SINAPI | D13: Concreto armado, 25 mpa | E13: m³ | F13: =7.62+0.864+3.6+1.125+7.095+5.36-3.92 -> 21.744
D14: 01. Blocos ( 50 x 50 x 50) x 61 unid = 7,62 m³ 02. Cintamento reservatório elevado (20 x 40): = 0,20 x 0,40 x 10,80 m = 0,864 m³ 03. Cisterna: 3,60 m³ 04. Vigas de cintamento trapiche: 1,125 m³ 05. Viga de piso passarela e trapiche: 7,095 m³ 06. Pilares: 5,36 m³ 07. Contratado Inicialmente: 3,92 m³
A15: 4.1 | D15: VIGAMENTO, PILARES E LAJES CONVENCIONAIS
A16: 18.3.3 | B16: 104487 | C16: SINAPI | D16: COMPOSIÇÃO PARAMÉTRICA PARA EXECUÇÃO DE ESTRUTURAS DE CONCRETO ARMADO, PARA EDIFICAÇÃO HABITACIONAL UNIFAMILIAR TÉRREA (CASA EM EMPREENDIMENTOS), FCK = 25 MPA. AF_11/2022 | E16: m³ | F16: =1.728+2.125+3.27+1.125-5.4 -> 2.848
D17: 01. Cintamento reservatório elevado (20 x 40): = 0,20 x 0,40 x 10,80 m x 2 un= 1,728 m³ 02. Pilares reservatório elevado (25 x 25): = 0,25 x 0,25 x 8,50 x 4 un = 2,125 m³ 03. Lajes de piso (3,30 x 3,30): 3,30 x 3,30 x 0,10 x 3 un = 3,27 m³ 04. Vigas de piso trapiche: 1,125 m³ 05. Excluindo contratado inicialmente: 5,40 m³
A18: 4.2 | D18: =ORCDET!D15 -> CONCRETO ARMADO - LAJES DE PISO
A19: 4.2.1 | B19: 101963 | C19: SINAPI | D19: LAJE PRÉ-MOLDADA UNIDIRECIONAL, BIAPOIADA, PARA PISO, ENCHIMENTO EM CERÂMICA, VIGOTA CONVENCIONAL, ALTURA TOTAL DA LAJE (ENCHIMENTO+CAPA) = (8+4). AF_11/2020 | E19: m² | F19: 205
D20: 01. Passarela e Trapiche: 2,2 x 75,00 + 30,00 = 205,00 m²
A21: 5 | D21: SISTEMA DE VEDAÇÃO VERTICAL
A22: 5.1 | B22: 87489 | C22: SINAPI | D22: Alvenaria de vedação de 1/2 vez em tijolos cerâmicos (dimensões nominais: 39x19x09); assentamento em argamassa no traço 1:2:8 (cimento, cal e areia) | E22: m² | F22: 36
D23: 01. Paredes Reservatório Elevado: 3,00 x 3,00 x 4 unid
A24: 6 | D24: ESQUADRIAS
A25: 6.2 | D25: FERRAGENS E ACESSÓRIOS
A26: 6.2.1 | B26: 99861 | C26: SINAPI | D26: GRADIL EM FERRO FIXADO EM VÃOS DE JANELAS, FORMADO POR BARRAS CHATAS DE 25X4,8 MM. AF_04/2019 | E26: UN | F26: =F27+F28+F29 -> 3.05
D27: 01. Portões Reservatório Elevado (1,00 x 2,10) e Ventilação Lateral (1,20 x 0,80) | F27: 3.05
D28: 02. Grades Bloco de Serviços: 22,15 m²
D29: 02. Grades Bloco Administrativo: 18,75 m²
A30: 6.2.2 | B30: 102363 | C30: SINAPI | D30: ALAMBRADO PARA QUADRA POLIESPORTIVA, ESTRUTURADO POR TUBOS DE ACO GALVANIZADO, (MONTANTES COM DIAMETRO 2", TRAVESSAS E ESCORAS COM DIÂMETRO 1 ¼), COM TELA DE ARAME GALVANIZADO, FIO 12 BWG E MALHA QUADRADA 5X5CM (EXCETO MURETA). AF_03/2021 | E30: UN | F30: 162.6
D31: 01. Guarda-Corpo elevado: 1,00 x 3,00 x 8 unid = 24,00 m 02. Passarelas e Trapiche: 150,00 + 20 = 170 m
A32: 7 | D32: SISTEMAS DE COBERTURA
A33: 7.1 | B33: 92548 | C33: SINAPI | D33: Fabricação e Instalação de tesoura inteira em madeira não aparelhada, vão de 6m, para telha cerâmica | E33: UN | F33: 3
D34: 01. Trapiche em Madeira: 35,41 m² x 3 unidades
A35: 7.2 | B35: 92540 | C35: SINAPI | D35: Trama de madeira composta por ripas, caibros e terças para telhados de mais que 2 águas para telha cerâmica | E35: m² | F35: 260.41
D36: 01. Passarela: 3,00 x 75,00 = 225,00 m² 02. Trapiche em Madeira: 35,41 m²
A37: 7.3 | B37: 40905 | C37: SINAPI | D37: Verniz sintético sobre estrutura de madeira, duas demãos | E37: m² | F37: 260.41
D38: 01. Passarela: 3,00 x 75,00 = 225,00 m² 02. Trapiche em Madeira: 35,41 m²
A39: 7.4 | B39: 94446 | C39: SINAPI | D39: Cobertura em telha cerâmica tipo PLAN | E39: m² | F39: 260.41
D40: 01. Passarela: 3,00 x 75,00 = 225,00 m² 02. Trapiche em Madeira: 35,41 m²
A41: 7.5 | B41: 94221 | C41: SINAPI | D41: Cumeeira com telha cerâmica emboçada com argamassa traço 1:2:8 | E41: M | F41: 79
D42: 01. trapiche e Passarela: 4,00 x 75,00 = 79,00 m
A43: 7.6 | B43: 84093 | C43: =C41 -> SINAPI | D43: TABEIRA DE MADEIRA LEI, 1A QUALIDADE, 2,5X30,0CM PARA BEIRAL DE TELHADO | E43: M | F43: 178
D44: 01. Passarela: 2,00 x 75,00 = 150,00 m 02. Trapiche: 28,00 m
A45: 8 | D45: IMPERMEABILIZAÇÃO
A46: 8.1 | B46: 74106/001 | C46: SINAPI | D46: Impermeabilização | E46: m² | F46: =36+9 -> 45
D47: 01. Cisterna: 36,00 m² 02. Laje de teto casa de bombas, face externa: 3,30 x 3,30 = 9,00 m²
A48: 9 | D48: REVESTIMENTOS INTERNOS E EXTERNOS
A49: 9.1 | B49: 87878 | C49: SINAPI | D49: Chapisco em parede com argamassa traço - 1:3 (cimento / areia) | E49: m² | F49: =72+36+107.36+105.3 -> 320.66
D50: 01. Paredes Em alvenaria faces externas e internas: 72,00 m² 02. Estruturas em Concreto Reservatório: 36,00 m² 03. Pilares Passarela e Trapiche: 107,36 m² 03. Vigas de Cobertura da Passarela e Trapiche: 105,30 m²
A51: 9.2 | B51: 87881 | C51: SINAPI | D51: Chapisco em teto com argamassa traço - 1:3 (cimento / areia) | E51: m² | F51: 9
D52: 01. Teto casa de bombas
A53: 9.4 | B53: 87543 | C53: SINAPI | D53: Reboco para paredes internas, externas, vigas, traço 1:4,5 - espessura 0,5 cm | E53: m² | F53: =F49 -> 320.66
D54: 01. Paredes Reservatório Elevado, faces externas e internas: 3,00 x 3,00 x 4 unid
A55: 9.5 | B55: 87543 | C55: SINAPI | D55: Reboco de teto, com argamassa traço - 1:2 (cal / areia fina), espessura 1 cm | E55: m² | F55: 9
D56: 01. Teto casa de bombas
A57: 10 | D57: SISTEMAS DE PISOS
A58: 10.1 | D58: PAVIMENTAÇÃO INTERNA
A59: 10.1.3 | B59: 98679 | C59: SINAPI | D59: Piso cimentado desempenado com acabamento liso e=2,0cm com junta plastica acabada 1,2m | E59: m² | F59: =232-120 -> 112
D60: 01. Área do Piso do trapiche e passarela, complementar
A61: 11 | D61: PINTURAS E ACABAMENTOS
A62: 11.1 | B62: 96132 | C62: SINAPI | D62: Emassamento de paredes internas com massa PVA, 2 demãos | E62: m² | F62: =138.6+36 -> 174.6
D63: 01. Paredes Reservatório Elevado, faces externas e internas: 3,00 x 3,00 x 4 unid 02. Pilares do trapiche e passarela: 0,25 x 4 x 2,20 x 63 = 138,6
A64: 11.2 | B64: 96132 | C64: SINAPI | D64: Emassamento de lajes internas com massa PVA, 2 demãos | E64: m² | F64: 9
D65: 01. Teto casa de bombas
A66: 11.3 | B66: 88489 | C66: SINAPI | D66: Pintura em latex acrílico sobre paredes internas e externas, 2 demãos | E66: m² | F66: =F62 -> 174.6
D67: 01. Paredes Reservatório Elevado, faces externas e internas: 3,00 x 3,00 x 4 unid 02. Pilares do trapiche e passarela: 0,25 x 4 x 2,20 x 63 = 138,6
A68: 11.4 | B68: 88486 | C68: SINAPI | D68: Pintura em latex PVA sobre lajes internas e externas, 2 demãos | E68: m² | F68: 9
D69: 01. Teto casa de bombas
A70: 11.6 | B70: 100742 | C70: SINAPI | D70: Pintura em esmalte acetinado sobre superfície metálica, 2 demãos | E70: m² | F70: =(F26+F30) -> 165.65
D71: 01. Grades e Guarda-corpo metálicos
A72: 12 | D72: INSTALAÇÕES HIDRÁULICAS
A73: 12.1 | B73: 99630 | C73: SINAPI | D73: VÁLVULA DE RETENÇÃO VERTICAL, DE BRONZE, ROSCÁVEL, 1 1/4" - FORNECIMENTO E INSTALAÇÃO. AF_08/2021 | E73: UN | F73: 1
A74: 12.2 | B74: 99621 | C74: SINAPI | D74: VÁLVULA DE RETENÇÃO HORIZONTAL, DE BRONZE, ROSCÁVEL, 1 1/4" - FORNECIMENTO E INSTALAÇÃO. AF_08/2021 | E74: UN | F74: 1
A75: 12.3 | B75: 94705 | C75: SINAPI | D75: ADAPTADOR COM FLANGE E ANEL DE VEDAÇÃO, PVC, SOLDÁVEL, DN 40 MM X 1 1/4 , INSTALADO EM RESERVAÇÃO DE ÁGUA DE EDIFICAÇÃO QUE POSSUA RESERVATÓRIO DE FIBRA/FIBROCIMENTO FORNECIMENTO E INSTALAÇÃO. AF_06/2016 | E75: UN | F75: 12
A76: 12.4 | B76: 94677 | C76: SINAPI | D76: CURVA 90 GRAUS, PVC, SOLDÁVEL, DN 40 MM, INSTALADO EM RESERVAÇÃO DE ÁGUA DE EDIFICAÇÃO QUE POSSUA RESERVATÓRIO DE FIBRA/FIBROCIMENTO FORNECIMENTO E INSTALAÇÃO. AF_06/2016 | E76: UN | F76: 15
A77: 12.5 | B77: 94491 | C77: SINAPI | D77: REGISTRO DE ESFERA, PVC, SOLDÁVEL, COM VOLANTE, DN 40 MM - FORNECIMENTO E INSTALAÇÃO. AF_08/2021 | E77: UN | F77: 8
A78: 12.6 | B78: 89623 | C78: SINAPI | D78: Te PVC soldável agua fria 40mm | E78: UN | F78: 5
A79: 12.7 | B79: 89448 | C79: SINAPI | D79: Tubo PVC soldável Ø 40 mm, fornecimento e instalação | E79: M | F79: 72
A80: 12.9 | B80: 102617 | C80: SINAPI | D80: CAIXA D´ÁGUA EM POLIÉSTER REFORÇADO COM FIBRA DE VIDRO, 5000 LITROS - FORNECIMENTO E INSTALAÇÃO. AF_06/2021 | E80: UN | F80: 1
A81: 12.10 | B81: 102613 | C81: SINAPI | D81: CAIXA D´ÁGUA EM POLIÉSTER REFORÇADO COM FIBRA DE VIDRO, 1000 LITROS - FORNECIMENTO E INSTALAÇÃO. AF_06/2021 | E81: UN | F81: 1
A82: 12.11 | B82: 102116 | C82: SINAPI | D82: BOMBA CENTRÍFUGA, TRIFÁSICA, 1,5 CV OU 1,48 HP, HM 10 A 24 M, Q 6,1 A 21,9 M3/H - FORNECIMENTO E INSTALAÇÃO. AF_12/2020 | E82: UN | F82: 1
A83: 12.12 | B83: 170869 | C83: SEDOP | D83: Quadro de comando - proteção trifásico - 2CV | E83: UN | F83: 1
A84: 12.13 | B84: 191274 | C84: SEDOP | D84: Torneira de bóia 3/4" | E84: UN | F84: 2
... A86: 12.15 | B86: 00000093 | C86: Próprio | D86: Poço Tubular d= 6" - prof.= 30m - Copia da SEDOP (220496) | E86: UN | F86: 1
D87: 01. Compreende as intalações hidráulicas do reservatório elevado conforme projeto, fornecido pela prefeitura municipal.
A88: 15 | D88: SISTEMA DE PROTEÇÃO CONTRA INCÊNCIO
A89: 15.1 | B89: 72553 | C89: SINAPI | D89: Extintor PQS - 6KG | E89: UN | F89: 1
A90: 15.2 | B90: 97599 | C90: SINAPI | D90: Luminária de emergência de blocos aucônomos de LED, com autonomia de 2h | E90: UN | F90: 1
A91: 15.3 | B91: 72947 | C91: SINAPI | D91: Marcação de piso com tinta retrorrefletiva para localização de extintor, dimensões 100x100cm | E91: m² | F91: 1
A92: 15.4 | B92: 00000147 | C92: Próprio | D92: Placa de sinalização em PVC fotoluminescente, dimensões até 480cm² | E92: UN | F92: 1
D93: 01. Equipamentos de proteção d casa de bombas do reservatório elevado.
A94: 16 | D94: INSTALAÇÕES ELÉTRICAS
A95: 16.1 | D95: QUADRO DE DISTRIBUIÇÃO
A96: 16.1.1 | B96: 83463 | C96: SINAPI | D96: Quadro de distribuição de embutir, sem barramento, para 12 disjuntores padrão europeu (linha branca), exclusive disjuntores | E96: UN | F96: 2
A97: 16.1.4 | B97: 74130/001 | C97: SINAPI | D97: Disjuntor termomagnetico monopolar 10 A, padrão DIN (linha branca) | E97: UN | F97: 1
A98: 16.1.5 | B98: 74130/001 | C98: SINAPI | D98: Disjuntor termomagnetico monopolar 25 A, padrão DIN (linha branca) | E98: UN | F98: 1
A99: 16.1.7 | B99: 00000118 | C99: Próprio | D99: Dispositivo de proteção contra surto | E99: =E97 -> UN | F99: 2
D100: 01. Compreende as intalações elétricas do reservatório elevado, passarelas e trapiche de desembarque/embarque, conforme projeto, fornecido pela prefeitura municipal.
A101: 16.1.8 | B101: 170362 | C101: SEDOP | D101: 01. Disjuntor 2P - 6 a 32A - PADRÃO DIN: 17,00 un | E101: =E98 -> UN | F101: 17
A102: 16.2 | D102: ELETRODUTOS E ACESSÓRIOS
...

Sheet ORCAMENTO
A2: Obra | C2: Bancos | D2: B.D.I. | E2: Encargos Sociais
A3: CONCLUSÃO EMEIF "CAETÉ" | C3: SINAPI - 02/2023 - Pará | D3: =TRUNC(BDI!K37/100,4) -> 0.2882 | E3: Desonerado: 0,00%
A4: Planilha Orçamentária Resumida
A5: Item | B5: Descrição | E5: Total
A6: 2 | B6: MOVIMENTO DE TERRAS PARA FUNDAÇÕES | E6: =ORCDET!I6 -> 1752.66
A7: 3 | B7: FUNDAÇÕES | E7: =ORCDET!I8 -> 139815.83
A8: 4 | B8: SUPERESTRUTURA | E8: =ORCDET!I12 -> 61042.95
A9: 5 | B9: SISTEMA DE VEDAÇÃO VERTICAL | E9: =ORCDET!I17 -> 2692.8
A10: 6 | B10: ESQUADRIAS | E10: =ORCDET!I19 -> 37852.44
A11: 7 | B11: SISTEMAS DE COBERTURA | E11: =ORCDET!I23 -> 70102.87
A12: 8 | B12: IMPERMEABILIZAÇÃO | E12: =ORCDET!I30 -> 736.2
A13: 9 | B13: REVESTIMENTOS INTERNOS E EXTERNOS | E13: =ORCDET!I32 -> 13154.4
A14: 10 | B14: SISTEMAS DE PISOS | E14: =ORCDET!I37 -> 6211.52
A15: 11 | B15: PINTURAS E ACABAMENTOS | E15: =ORCDET!I40 -> 12759.06
A16: 12 | B16: INSTALAÇÕES HIDRÁULICAS | E16: =ORCDET!I46 -> 47234.88
A17: 15 | B17: SISTEMA DE PROTEÇÃO CONTRA INCÊNCIO | E17: =ORCDET!I61 -> 357.92
A18: 16 | B18: INSTALAÇÕES ELÉTRICAS | E18: =ORCDET!I66 -> 31025.6
A19: 19 | B19: SERVIÇOS FINAIS | E19: =ORCDET!I87 -> 267.68
B21: ANANINDEUA(PA), 16 DE JUNHO DE 2025 | D21: Total sem BDI | E21: =ORCDET!H90 -> 314049.96
D22: Total do BDI | E22: =ORCDET!H91 -> 110956.85
D23: Total Geral | E23: =SUM(E6:E19) -> 425006.81
B25: RIOL - Serviços de Construções LTDA.
B26: CNPJ: 09.335.585/0001-75
E31: Percentual
E32: Indice

Sheet ORCDET
A2: Obra | E2: Bancos | G2: B.D.I. | I2: Encargos Sociais
A3: =ORCAMENTO!A3 -> CONCLUSÃO EMEIF "CAETÉ" | E3: =ORCAMENTO!C3 -> SINAPI - 02/2023 - Pará | G3: 28,82% | I3: =ORCAMENTO!E3 -> Desonerado: 0,00%
A4: Serviços Complementares - Orçamento Sintético
A5: Item | B5: Código | C5: Banco | D5: Descrição | E5: Und | F5: Quant. | G5: Valor Unit | H5: Valor Unit com BDI | I5: Total
A6: 2 | D6: MOVIMENTO DE TERRAS PARA FUNDAÇÕES | I6: =SUM(I7:I7) -> 1752.66 | J6: =TRUNC(F6*G6,2) -> 0 | L6: CONVERSOR DE PREÇOS
A7: 2.1 | B7: 93358 | C7: SINAPI | D7: Escavação mecanizada de valas em qualquer terreno até h=2,0 m | E7: m³ | F7: ='MEMORIA DE CÁLCULO ADITIVOS'!F7 -> 18 | G7: =CPU!J57 -> 75.59 | H7: =TRUNC(G7 * (1 + 28.82 / 100), 2) -> 97.37 | I7: =TRUNC(F7 * H7, 2) -> 1752.66 | J7: =TRUNC(F7*G7,2) -> 1360.62
A8: 3 | D8: FUNDAÇÕES | I8: =I9 -> 139815.83 | J8: =TRUNC(F8*G8,2) -> 0 | L8: =1716918.09 -> 1716918.1
A9: 3.1 | D9: ='MEMORIA DE CÁLCULO ADITIVOS'!D10 -> ESTACAS E ESTUTURAS EM CONCRETO ARMADO | I9: =SUM(I10:I11) -> 139815.83 | J9: =TRUNC(F9*G9,2) -> 0 | L9: =1726787.91 -> 1726787.9
A10: 3.1 | B10: 98230 | C10: SINAPI | D10: Estaca escavada mecanicamente com 30 cm de diametro, sem armação | E10: M | F10: ='MEMORIA DE CÁLCULO ADITIVOS'!F11 -> 345 | G10: =CPU!J103 -> 140.85 | H10: =TRUNC(G10 * (1 + 28.82 / 100), 2) -> 181.44 | I10: =TRUNC(F10 * H10, 2) -> 62596.8 | J10: =TRUNC(F10*G10,2) -> 48593.25 | L10: =L8/L9 -> 0.99428429
A11: 3.2 | B11: 104488 | C11: SINAPI | D11: Concreto armado, 25 mpa | E11: m³ | F11: ='MEMORIA DE CÁLCULO ADITIVOS'!F13 -> 21.744 | G11: =CPU!J1784 -> 2756.78 | H11: =TRUNC(G11 * (1 + 28.82 / 100), 2) -> 3551.28 | I11: =TRUNC(F11 * H11, 2) -> 77219.03 | J11: =TRUNC(F11*G11,2) -> 59943.42
A12: 4 | D12: SUPERESTRUTURA | I12: =I13+I15 -> 61042.95 | J12: =TRUNC(F12*G12,2) -> 0
A13: 4.1 | D13: VIGAMENTO, PILARES E LAJES CONVENCIONAIS DO REL. | I13: =I14 -> 10297.25 | J13: =TRUNC(F13*G13,2) -> 0
A14: 18.3.3 | B14: 104487 | C14: SINAPI | D14: COMPOSIÇÃO PARAMÉTRICA PARA EXECUÇÃO DE ESTRUTURAS DE CONCRETO ARMADO, PARA EDIFICAÇÃO HABITACIONAL UNIFAMILIAR TÉRREA (CASA EM EMPREENDIMENTOS), FCK = 25 MPA. AF_11/2022 | E14: m³ | F14: ='MEMORIA DE CÁLCULO ADITIVOS'!F16 -> 2.848 | G14: =2822.85*L10 -> 2806.7154 | H14: =TRUNC(G14 * (1 + 28.82 / 100), 2) -> 3615.61 | I14: =TRUNC(F14 * H14, 2) -> 10297.25 | J14: =TRUNC(F14*G14,2) -> 7993.52
A15: 4.2 | D15: CONCRETO ARMADO - LAJES DE PISO | I15: =I16 -> 50745.7 | J15: =TRUNC(F15*G15,2) -> 0
A16: 4.2.1 | B16: 101963 | C16: SINAPI | D16: LAJE PRÉ-MOLDADA UNIDIRECIONAL, BIAPOIADA, PARA PISO, ENCHIMENTO EM CERÂMICA, VIGOTA CONVENCIONAL, ALTURA TOTAL DA LAJE (ENCHIMENTO+CAPA) = (8+4). AF_11/2020 | E16: m² | F16: ='MEMORIA DE CÁLCULO ADITIVOS'!F19 -> 205 | G16: =193.27*L10 -> 192.16532 | H16: =TRUNC(G16 * (1 + 28.82 / 100), 2) -> 247.54 | I16: =TRUNC(F16 * H16, 2) -> 50745.7 | J16: =TRUNC(F16*G16,2) -> 39393.89
A17: 5 | D17: SISTEMA DE VEDAÇÃO VERTICAL | I17: =SUM(I18:I18) -> 2692.8 | J17: =TRUNC(F17*G17,2) -> 0
A18: 5.1 | B18: 87489 | C18: SINAPI | D18: Alvenaria de vedação de 1/2 vez em tijolos cerâmicos (dimensões nominais: 39x19x09); assentamento em argamassa no traço 1:2:8 (cimento, cal e areia) | E18: m² | F18: ='MEMORIA DE CÁLCULO ADITIVOS'!F22 -> 36 | G18: =CPU!J132 -> 58.07 | H18: =TRUNC(G18 * (1 + 28.82 / 100), 2) -> 74.8 | I18: =TRUNC(F18 * H18, 2) -> 2692.8 | J18: =TRUNC(F18*G18,2) -> 2090.52
A19: 6 | D19: ESQUADRIAS | I19: =I20 -> 37852.44 | J19: =TRUNC(F19*G19,2) -> 0
A20: 6.2 | D20: FERRAGENS E ACESSÓRIOS | I20: =SUM(I21:I22) -> 37852.44 | J20: =TRUNC(F20*G20,2) -> 0
A21: 6.2.1 | B21: 99861 | C21: SINAPI | D21: GRADIL EM FERRO FIXADO EM VÃOS DE JANELAS, FORMADO POR BARRAS CHATAS DE 25X4,8 MM. AF_04/2019 | E21: UN | F21: ='MEMORIA DE CÁLCULO ADITIVOS'!F26 -> 3.05 | G21: =599.99*L10 -> 596.56063 | H21: =TRUNC(G21 * (1 + 28.82 / 100), 2) -> 768.48 | I21: =TRUNC(F21 * H21, 2) -> 2343.86 | J21: =TRUNC(F21*G21,2) -> 1819.5
A22: 6.2.2 | B22: 102363 | C22: SINAPI | D22: ALAMBRADO PARA QUADRA POLIESPORTIVA, ESTRUTURADO POR TUBOS DE ACO GALVANIZADO, (MONTANTES COM DIAMETRO 2", TRAVESSAS E ESCORAS COM DIÂMETRO 1 ¼), COM TELA DE ARAME GALVANIZADO, FIO 12 BWG E MALHA QUADRADA 5X5CM (EXCETO MURETA). AF_03/2021 | E22: UN | F22: ='MEMORIA DE CÁLCULO ADITIVOS'!F30 -> 162.6 | G22: =170.5*L10 -> 169.52547 | H22: =TRUNC(G22 * (1 + 28.82 / 100), 2) -> 218.38 | I22: =TRUNC(F22 * H22, 2) -> 35508.58 | J22: =TRUNC(F22*G22,2) -> 27564.84
A23: 7 | D23: SISTEMAS DE COBERTURA | I23: =SUM(I24:I29) -> 70102.87 | J23: =TRUNC(F23*G23,2) -> 0
A24: 7.1 | B24: 92548 | C24: SINAPI | D24: Fabricação e Instalação de tesoura inteira em madeira não aparelhada, vão de 6m, para telha cerâmica | E24: UN | F24: ='MEMORIA DE CÁLCULO ADITIVOS'!F33 -> 3 | G24: =CPU!J386 -> 1368.69 | H24: =TRUNC(G24 * (1 + 28.82 / 100), 2) -> 1763.14 | I24: =TRUNC(F24 * H24, 2) -> 5289.42 | J24: =TRUNC(F24*G24,2) -> 4106.07
A25: 7.2 | B25: 92540 | C25: SINAPI | D25: Trama de madeira composta por ripas, caibros e terças para telhados de mais que 2 águas para telha cerâmica | E25: m² | F25: ='MEMORIA DE CÁLCULO ADITIVOS'!F35 -> 260.41 | G25: =CPU!J408 -> 80.18 | H25: =TRUNC(G25 * (1 + 28.82 / 100), 2) -> 103.28 | I25: =TRUNC(F25 * H25, 2) -> 26895.14 | J25: =TRUNC(F25*G25,2) -> 20879.67
A26: 7.3 | B26: 40905 | C26: SINAPI | D26: Verniz sintético sobre estrutura de madeira, duas demãos | E26: m² | F26: ='MEMORIA DE CÁLCULO ADITIVOS'!F37 -> 260.41 | G26: =CPU!J422 -> 26.08 | H26: =TRUNC(G26 * (1 + 28.82 / 100), 2) -> 33.59 | I26: =TRUNC(F26 * H26, 2) -> 8747.17 | J26: =TRUNC(F26*G26,2) -> 6791.49
A27: 7.4 | B27: 94446 | C27: SINAPI | D27: Cobertura em telha cerâmica tipo PLAN | E27: m² | F27: ='MEMORIA DE CÁLCULO ADITIVOS'!F39 -> 260.41 | G27: =CPU!J431 -> 50.61 | H27: =TRUNC(G27 * (1 + 28.82 / 100), 2) -> 65.19 | I27: =TRUNC(F27 * H27, 2) -> 16976.12 | J27: =TRUNC(F27*G27,2) -> 13179.35
A28: 7.5 | B28: 94221 | C28: SINAPI | D28: Cumeeira com telha cerâmica emboçada com argamassa traço 1:2:8 | E28: M | F28: ='MEMORIA DE CÁLCULO ADITIVOS'!F41 -> 79 | G28: =CPU!J440 -> 25.96 | H28: =TRUNC(G28 * (1 + 28.82 / 100), 2) -> 33.44 | I28: =TRUNC(F28 * H28, 2) -> 2641.76 | J28: =TRUNC(F28*G28,2) -> 2050.84
A29: 7.6 | B29: 84093 | C29: =C28 -> SINAPI | D29: TABEIRA DE MADEIRA LEI, 1A QUALIDADE, 2,5X30,0CM PARA BEIRAL DE TELHADO | E29: M | F29: ='MEMORIA DE CÁLCULO ADITIVOS'!F43 -> 178 | G29: =41.91*L10 -> 41.670455 | H29: =TRUNC(G29 * (1 + 28.82 / 100), 2) -> 53.67 | I29: =TRUNC(F29 * H29, 2) -> 9553.26 | J29: =TRUNC(F29*G29,2) -> 7417.34
A30: 8 | D30: IMPERMEABILIZAÇÃO | I30: =I31 -> 736.2 | J30: =TRUNC(F30*G30,2) -> 0
A31: 8.1 | B31: 74106/001 | C31: SINAPI | D31: Impermeabilização com tinta betuminosa em fundações, baldrames | E31: m² | F31: ='MEMORIA DE CÁLCULO ADITIVOS'!F46 -> 45 | G31: =CPU!J450 -> 12.7 | H31: =TRUNC(G31 * (1 + 28.82 / 100), 2) -> 16.36 | I31: =TRUNC(F31 * H31, 2) -> 736.2 | J31: =TRUNC(F31*G31,2) -> 571.5
A32: 9 | D32: REVESTIMENTOS INTERNOS E EXTERNOS | I32: =SUM(I33:I36) -> 13154.4 | J32: =TRUNC(F32*G32,2) -> 0
A33: 9.1 | B33: 87878 | C33: SINAPI | D33: Chapisco em parede com argamassa traço - 1:3 (cimento / areia) | E33: m² | F33: ='MEMORIA DE CÁLCULO ADITIVOS'!F49 -> 320.66 | G33: =CPU!J456 -> 5.15 | H33: =TRUNC(G33 * (1 + 28.82 / 100), 2) -> 6.63 | I33: =TRUNC(F33 * H33, 2) -> 2125.97 | J33: =TRUNC(F33*G33,2) -> 1651.39
A34: 9.2 | B34: 87881 | C34: SINAPI | D34: Chapisco em teto com argamassa traço - 1:3 (cimento / areia) | E34: m² | F34: ='MEMORIA DE CÁLCULO ADITIVOS'!F51 -> 9 | G34: =CPU!J463 -> 6.66 | H34: =TRUNC(G34 * (1 + 28.82 / 100), 2) -> 8.57 | I34: =TRUNC(F34 * H34, 2) -> 77.13 | J34: =TRUNC(F34*G34,2) -> 59.94
A35: 9.4 | B35: 87543 | C35: SINAPI | D35: Reboco para paredes internas, externas, vigas, traço 1:4,5 - espessura 1,5 cm | E35: m² | F35: ='MEMORIA DE CÁLCULO ADITIVOS'!F53 -> 320.66 | G35: =CPU!J477 -> 25.79 | H35: =TRUNC(G35 * (1 + 28.82 / 100), 2) -> 33.22 | I35: =TRUNC(F35 * H35, 2) -> 10652.32 | J35: =TRUNC(F35*G35,2) -> 8269.82
A36: 9.5 | B36: 87543 | C36: SINAPI | D36: Reboco de teto, com argamassa traço - 1:2 (cal / areia fina), espessura 1 cm | E36: m² | F36: ='MEMORIA DE CÁLCULO ADITIVOS'!F55 -> 9 | G36: =CPU!J484 -> 25.79 | H36: =TRUNC(G36 * (1 + 28.82 / 100), 2) -> 33.22 | I36: =TRUNC(F36 * H36, 2) -> 298.98 | J36: =TRUNC(F36*G36,2) -> 232.11
A37: 10 | D37: SISTEMAS DE PISOS | I37: =I38 -> 6211.52 | J37: =TRUNC(F37*G37,2) -> 0
A38: 10.1 | D38: PAVIMENTAÇÃO INTERNA | I38: =SUM(I39:I39) -> 6211.52 | J38: =TRUNC(F38*G38,2) -> 0
A39: 10.1.3 | B39: 98679 | C39: SINAPI | D39: Piso cimentado desempenado com acabamento liso e=2,0cm com junta plastica acabada 1,2m | E39: m² | F39: ='MEMORIA DE CÁLCULO ADITIVOS'!F59 -> 112 | G39: =CPU!J537 -> 43.06 | H39: =TRUNC(G39 * (1 + 28.82 / 100), 2) -> 55.46 | I39: =TRUNC(F39 * H39, 2) -> 6211.52 | J39: =TRUNC(F39*G39,2) -> 4822.72
A40: 11 | D40: PINTURAS E ACABAMENTOS | I40: =SUM(I41:I45) -> 12759.06 | J40: =TRUNC(F40*G40,2) -> 0
A41: 11.1 | B41: 96132 | C41: SINAPI | D41: Emassamento de paredes internas com massa PVA, 2 demãos | E41: m² | F41: ='MEMORIA DE CÁLCULO ADITIVOS'!F62 -> 174.6 | G41: =CPU!J590 -> 17.04 | H41: =TRUNC(G41 * (1 + 28.82 / 100), 2) -> 21.95 | I41: =TRUNC(F41 * H41, 2) -> 3832.47 | J41: =TRUNC(F41*G41,2) -> 2975.18
A42: 11.2 | B42: 96132 | C42: SINAPI | D42: Emassamento de lajes internas com massa PVA, 2 demãos | E42: m² | F42: ='MEMORIA DE CÁLCULO ADITIVOS'!F64 -> 9 | G42: =CPU!J598 -> 17.04 | H42: =TRUNC(G42 * (1 + 28.82 / 100), 2) -> 21.95 | I42: =TRUNC(F42 * H42, 2) -> 197.55 | J42: =TRUNC(F42*G42,2) -> 153.36
A43: 11.3 | B43: 88489 | C43: SINAPI | D43: Pintura em latex acrílico sobre paredes internas e externas, 2 demãos | E43: m² | F43: ='MEMORIA DE CÁLCULO ADITIVOS'!F66 -> 174.6 | G43: =CPU!J606 -> 16.93 | H43: =TRUNC(G43 * (1 + 28.82 / 100), 2) -> 21.8 | I43: =TRUNC(F43 * H43, 2) -> 3806.28 | J43: =TRUNC(F43*G43,2) -> 2955.97
A44: 11.4 | B44: 88486 | C44: SINAPI | D44: Pintura em latex PVA sobre lajes internas e externas, 2 demãos | E44: m² | F44: ='MEMORIA DE CÁLCULO ADITIVOS'!F68 -> 9 | G44: =CPU!J613 -> 12.26 | H44: =TRUNC(G44 * (1 + 28.82 / 100), 2) -> 15.79 | I44: =TRUNC(F44 * H44, 2) -> 142.11 | J44: =TRUNC(F44*G44,2) -> 110.34
A45: 11.6 | B45: 100742 | C45: SINAPI | D45: Pintura em esmalte acetinado sobre superfície metálica, 2 demãos | E45: m² | F45: ='MEMORIA DE CÁLCULO ADITIVOS'!F70 -> 165.65 | G45: =CPU!J630 -> 22.41 | H45: =TRUNC(G45 * (1 + 28.82 / 100), 2) -> 28.86 | I45: =TRUNC(F45 * H45, 2) -> 4780.65 | J45: =TRUNC(F45*G45,2) -> 3712.21
A46: 12 | D46: INSTALAÇÕES HIDRÁULICAS | I46: =SUM(I47:I60) -> 47234.88 | J46: =TRUNC(F46*G46,2) -> 0
A47: 12.1 | B47: 99630 | C47: SINAPI | D47: VÁLVULA DE RETENÇÃO VERTICAL, DE BRONZE, ROSCÁVEL, 1 1/4" - FORNECIMENTO E INSTALAÇÃO. AF_08/2021 | E47: UN | F47: ='MEMORIA DE CÁLCULO ADITIVOS'!F73 -> 1 | G47: =K47*$L$10 -> 111.39961 | H47: =TRUNC(G47 * (1 + 28.82 / 100), 2) -> 143.5 | I47: =TRUNC(F47 * H47, 2) -> 143.5 | J47: =TRUNC(F47*G47,2) -> 111.39 | K47: 112.04
A48: 12.2 | B48: 99621 | C48: SINAPI | D48: VÁLVULA DE RETENÇÃO HORIZONTAL, DE BRONZE, ROSCÁVEL, 1 1/4" - FORNECIMENTO E INSTALAÇÃO. AF_08/2021 | E48: UN | F48: ='MEMORIA DE CÁLCULO ADITIVOS'!F74 -> 1 | G48: =K48*$L$10 -> 207.55685 | H48: =TRUNC(G48 * (1 + 28.82 / 100), 2) -> 267.37 | I48: =TRUNC(F48 * H48, 2) -> 267.37 | J48: =TRUNC(F48*G48,2) -> 207.55 | K48: 208.75
A49: 12.3 | B49: 94705 | C49: SINAPI | D49: ADAPTADOR COM FLANGE E ANEL DE VEDAÇÃO, PVC, SOLDÁVEL, DN 40 MM X 1 1/4 , INSTALADO EM RESERVAÇÃO DE ÁGUA DE EDIFICAÇÃO QUE POSSUA RESERVATÓRIO DE FIBRA/FIBROCIMENTO FORNECIMENTO E INSTALAÇÃO. AF_06/2016 | E49: UN | F49: ='MEMORIA DE CÁLCULO ADITIVOS'!F75 -> 12 | G49: =K49*$L$10 -> 38.260059 | H49: =TRUNC(G49 * (1 + 28.82 / 100), 2) -> 49.28 | I49: =TRUNC(F49 * H49, 2) -> 591.36 | J49: =TRUNC(F49*G49,2) -> 459.12 | K49: 38.48
A50: 12.4 | B50: 94677 | C50: SINAPI | D50: CURVA 90 GRAUS, PVC, SOLDÁVEL, DN 40 MM, INSTALADO EM RESERVAÇÃO DE ÁGUA DE EDIFICAÇÃO QUE POSSUA RESERVATÓRIO DE FIBRA/FIBROCIMENTO FORNECIMENTO E INSTALAÇÃO. AF_06/2016 | E50: UN | F50: ='MEMORIA DE CÁLCULO ADITIVOS'!F76 -> 15 | G50: =K50*$L$10 -> 23.146938 | H50: =TRUNC(G50 * (1 + 28.82 / 100), 2) -> 29.81 | I50: =TRUNC(F50 * H50, 2) -> 447.15 | J50: =TRUNC(F50*G50,2) -> 347.2 | K50: 23.28
A51: 12.5 | B51: 94491 | C51: SINAPI | D51: REGISTRO DE ESFERA, PVC, SOLDÁVEL, COM VOLANTE, DN 40 MM - FORNECIMENTO E INSTALAÇÃO. AF_08/2021 | E51: UN | F51: ='MEMORIA DE CÁLCULO ADITIVOS'!F77 -> 8 | G51: =K51*$L$10 -> 54.486779 | H51: =TRUNC(G51 * (1 + 28.82 / 100), 2) -> 70.18 | I51: =TRUNC(F51 * H51, 2) -> 561.44 | J51: =TRUNC(F51*G51,2) -> 435.89 | K51: 54.8
A52: 12.6 | B52: 89623 | C52: SINAPI | D52: Te PVC soldável agua fria 40mm | E52: UN | F52: ='MEMORIA DE CÁLCULO ADITIVOS'!F78 -> 5 | G52: =CPU!J815 -> 18.61 | H52: =TRUNC(G52 * (1 + 28.82 / 100), 2) -> 23.97 | I52: =TRUNC(F52 * H52, 2) -> 119.85 | J52: =TRUNC(F52*G52,2) -> 93.05
A53: 12.7 | B53: 89448 | C53: SINAPI | D53: Tubo PVC soldável Ø 40 mm, fornecimento e instalação | E53: M | F53: ='MEMORIA DE CÁLCULO ADITIVOS'!F79 -> 72 | G53: =CPU!J671 -> 17.66 | H53: =TRUNC(G53 * (1 + 28.82 / 100), 2) -> 22.74 | I53: =TRUNC(F53 * H53, 2) -> 1637.28 | J53: =TRUNC(F53*G53,2) -> 1271.52
A54: 12.9 | B54: 102617 | C54: SINAPI | D54: CAIXA D´ÁGUA EM POLIÉSTER REFORÇADO COM FIBRA DE VIDRO, 5000 LITROS - FORNECIMENTO E INSTALAÇÃO. AF_06/2021 | E54: UN | F54: ='MEMORIA DE CÁLCULO ADITIVOS'!F80 -> 1 | G54: =K54*$L$10 -> 3256.9671 | H54: =TRUNC(G54 * (1 + 28.82 / 100), 2) -> 4195.62 | I54: =TRUNC(F54 * H54, 2) -> 4195.62 | J54: =TRUNC(F54*G54,2) -> 3256.96 | K54: 3275.69
A55: 12.10 | B55: 102613 | C55: SINAPI | D55: CAIXA D´ÁGUA EM POLIÉSTER REFORÇADO COM FIBRA DE VIDRO, 1000 LITROS - FORNECIMENTO E INSTALAÇÃO. AF_06/2021 | E55: UN | F55: ='MEMORIA DE CÁLCULO ADITIVOS'!F81 -> 1 | G55: =K55*$L$10 -> 596.78932 | H55: =TRUNC(G55 * (1 + 28.82 / 100), 2) -> 768.78 | I55: =TRUNC(F55 * H55, 2) -> 768.78 | J55: =TRUNC(F55*G55,2) -> 596.78 | K55: 600.22
A56: 12.11 | B56: 102116 | C56: SINAPI | D56: BOMBA CENTRÍFUGA, TRIFÁSICA, 1,5 CV OU 1,48 HP, HM 10 A 24 M, Q 6,1 A 21,9 M3/H - FORNECIMENTO E INSTALAÇÃO. AF_12/2020 | E56: UN | F56: ='MEMORIA DE CÁLCULO ADITIVOS'!F82 -> 1 | G56: =K56*$L$10 -> 1869.7118 | H56: =TRUNC(G56 * (1 + 28.82 / 100), 2) -> 2408.56 | I56: =TRUNC(F56 * H56, 2) -> 2408.56 | J56: =TRUNC(F56*G56,2) -> 1869.71 | K56: 1880.46
A57: 12.12 | B57: 170869 | C57: SEDOP | D57: Quadro de comando - proteção trifásico - 2CV | E57: UN | F57: ='MEMORIA DE CÁLCULO ADITIVOS'!F83 -> 1 | G57: =K57*$L$10 -> 1183.5165 | H57: =TRUNC(G57 * (1 + 28.82 / 100), 2) -> 1524.6 | I57: =TRUNC(F57 * H57, 2) -> 1524.6 | J57: =TRUNC(F57*G57,2) -> 1183.51 | K57: 1190.32
A58: 12.13 | B58: 191274 | C58: SEDOP | D58: Torneira de bóia 3/4" | E58: UN | F58: ='MEMORIA DE CÁLCULO ADITIVOS'!F84 -> 2 | G58: =K58*$L$10 -> 60.412713 | H58: =TRUNC(G58 * (1 + 28.82 / 100), 2) -> 77.82 | I58: =TRUNC(F58 * H58, 2) -> 155.64 | J58: =TRUNC(F58*G58,2) -> 120.82 | K58: 60.76
A59: 12.14 | B59: 00000111 | C59: Próprio | D59: FORNEC. E ASSENT. DE TAMPA METALICA EM CHAPA DE ACO XADREZ COM SUPORTE PARA TRAFEGO - Copia da EMBASA (100443) | E59: m2 | F59: ='MEMORIA DE CÁLCULO ADITIVOS'!F85 -> 1 | G59: =K59*$L$10 -> 618.58403 | H59: =TRUNC(G59 * (1 + 28.82 / 100), 2) -> 796.85 | I59: =TRUNC(F59 * H59, 2) -> 796.85 | J59: =TRUNC(F59*G59,2) -> 618.58 | K59: 622.14
A60: 12.15 | B60: 00000093 | C60: Próprio | D60: Poço Tubular d= 6" - prof.= 30m - Copia da SEDOP (220496) | E60: UN | F60: ='MEMORIA DE CÁLCULO ADITIVOS'!F86 -> 1 | G60: =K60*$L$10 -> 26096.015 | H60: =TRUNC(G60 * (1 + 28.82 / 100), 2) -> 33616.88 | I60: =TRUNC(F60 * H60, 2) -> 33616.88 | J60: =TRUNC(F60*G60,2) -> 26096.01 | K60: 26246.03
A61: 15 | D61: SISTEMA DE PROTEÇÃO CONTRA INCÊNCIO | I61: =SUM(I62:I65) -> 357.92 | J61: =TRUNC(F61*G61,2) -> 0
A62: 15.1 | B62: 72553 | C62: SINAPI | D62: Extintor PQS - 6KG | E62: UN | F62: ='MEMORIA DE CÁLCULO ADITIVOS'!F89 -> 1 | G62: =CPU!J1203 -> 200.56 | H62: =TRUNC(G62 * (1 + 28.82 / 100), 2) -> 258.36 | I62: =TRUNC(F62 * H62, 2) -> 258.36 | J62: =TRUNC(F62*G62,2) -> 200.56
A63: 15.2 | B63: 97599 | C63: SINAPI | D63: Luminária de emergência de blocos aucônomos de LED, com autonomia de 2h | E63: UN | F63: ='MEMORIA DE CÁLCULO ADITIVOS'!F90 -> 1 | G63: =CPU!J1211 -> 30.4 | H63: =TRUNC(G63 * (1 + 28.82 / 100), 2) -> 39.16 | I63: =TRUNC(F63 * H63, 2) -> 39.16 | J63: =TRUNC(F63*G63,2) -> 30.4
A64: 15.3 | B64: 72947 | C64: SINAPI | D64: Marcação de piso com tinta retrorrefletiva para localização de extintor, dimensões 100x100cm | E64: m² | F64: ='MEMORIA DE CÁLCULO ADITIVOS'!F91 -> 1 | G64: =CPU!J1218 -> 16.45 | H64: =TRUNC(G64 * (1 + 28.82 / 100), 2) -> 21.19 | I64: =TRUNC(F64 * H64, 2) -> 21.19 | J64: =TRUNC(F64*G64,2) -> 16.45
A65: 15.4 | B65: 00000147 | C65: Próprio | D65: Placa de sinalização em PVC fotoluminescente, dimensões até 480cm² | E65: UN | F65: ='MEMORIA DE CÁLCULO ADITIVOS'!F92 -> 1 | G65: =CPU!J1229 -> 30.44 | H65: =TRUNC(G65 * (1 + 28.82 / 100), 2) -> 39.21 | I65: =TRUNC(F65 * H65, 2) -> 39.21 | J65: =TRUNC(F65*G65,2) -> 30.44
A66: 16 | D66: INSTALAÇÕES ELÉTRICAS | I66: =I67+I73+I77+I82 -> 31025.6 | J66: =TRUNC(F66*G66,2) -> 0
A67: 16.1 | D67: QUADRO DE DISTRIBUIÇÃO | I67: =SUM(I68:I72) -> 2923.27 | J67: =TRUNC(F67*G67,2) -> 0
A68: 16.1.1 | B68: 83463 | C68: SINAPI | D68: Quadro de distribuição de embutir, sem barramento, para 12 disjuntores padrão europeu (linha branca), exclusive disjuntores | E68: UN | F68: ='MEMORIA DE CÁLCULO ADITIVOS'!F96 -> 2 | G68: =CPU!J1236 -> 413.03 | H68: =TRUNC(G68 * (1 + 28.82 / 100), 2) -> 532.06 | I68: =TRUNC(F68 * H68, 2) -> 1064.12 | J68: =TRUNC(F68*G68,2) -> 826.06
A69: 16.1.4 | B69: 74130/001 | C69: SINAPI | D69: Disjuntor termomagnetico monopolar 10 A, padrão DIN (linha branca) | E69: UN | F69: ='MEMORIA DE CÁLCULO ADITIVOS'!F97 -> 1 | G69: =CPU!J1258 -> 14.19 | H69: =TRUNC(G69 * (1 + 28.82 / 100), 2) -> 18.27 | I69: =TRUNC(F69 * H69, 2) -> 18.27 | J69: =TRUNC(F69*G69,2) -> 14.19
A70: 16.1.5 | B70: 74130/001 | C70: SINAPI | D70: Disjuntor termomagnetico monopolar 25 A, padrão DIN (linha branca) | E70: UN | F70: ='MEMORIA DE CÁLCULO ADITIVOS'!F98 -> 1 | G70: =CPU!J1264 -> 14.19 | H70: =TRUNC(G70 * (1 + 28.82 / 100), 2) -> 18.27 | I70: =TRUNC(F70 * H70, 2) -> 18.27 | J70: =TRUNC(F70*G70,2) -> 14.19
A71: 16.1.7 | B71: 00000118 | C71: Próprio | D71: Dispositivo de proteção contra surto | E71: =E70 -> UN | F71: ='MEMORIA DE CÁLCULO ADITIVOS'!F99 -> 2 | G71: =CPU!J1276 -> 137 | H71: =TRUNC(G71 * (1 + 28.82 / 100), 2) -> 176.48 | I71: =TRUNC(F71 * H71, 2) -> 352.96 | J71: =TRUNC(F71*G71,2) -> 274
A72: 16.1.8 | B72: ='MEMORIA DE CÁLCULO ADITIVOS'!B101 -> 170362 | C72: ='MEMORIA DE CÁLCULO ADITIVOS'!C101 -> SEDOP | D72: ='MEMORIA DE CÁLCULO ADITIVOS'!D101 -> 01. Disjuntor 2P - 6 a 32A - PADRÃO DIN: 17,00 un | E72: ='MEMORIA DE CÁLCULO ADITIVOS'!E101 -> UN | F72: ='MEMORIA DE CÁLCULO ADITIVOS'!F101 -> 17 | G72: =67.5*L10 -> 67.11419 | H72: =TRUNC(G72 * (1 + 28.82 / 100), 2) -> 86.45 | I72: =TRUNC(F72 * H72, 2) -> 1469.65
A73: 16.2 | D73: ELETRODUTOS E ACESSÓRIOS | I73: =SUM(I74:I76) -> 1805.55 | J73: =TRUNC(F73*G73,2) -> 0
A74: 16.2.1 | B74: 91854 | C74: SINAPI | D74: Eletroduto PVC flexível corrugado reforçado, Ø25mm (DN 3/4") | E74: M | F74: ='MEMORIA DE CÁLCULO ADITIVOS'!F103 -> 150 | G74: =CPU!J1340 -> 9.14 | H74: =TRUNC(G74 * (1 + 28.82 / 100), 2) -> 11.77 | I74: =TRUNC(F74 * H74, 2) -> 1765.5 | J74: =TRUNC(F74*G74,2) -> 1371
A75: 16.2.12 | B75: 91941 | C75: SINAPI | D75: Caixa de passagem PVC 4x2" | E75: UN | F75: ='MEMORIA DE CÁLCULO ADITIVOS'!F104 -> 2 | G75: =CPU!J1436 -> 9.92 | H75: =TRUNC(G75 * (1 + 28.82 / 100), 2) -> 12.77 | I75: =TRUNC(F75 * H75, 2) -> 25.54 | J75: =TRUNC(F75*G75,2) -> 19.84
A76: 16.2.13 | B76: 91937 | C76: SINAPI | D76: Caixa de passagem PVC 3" octogonal | E76: UN | F76: ='MEMORIA DE CÁLCULO ADITIVOS'!F105 -> 1 | G76: =CPU!J1444 -> 11.27 | H76: =TRUNC(G76 * (1 + 28.82 / 100), 2) -> 14.51 | I76: =TRUNC(F76 * H76, 2) -> 14.51 | J76: =TRUNC(F76*G76,2) -> 11.27
A77: 16.3 | D77: CABOS E FIOS (CONDUTORES) | I77: =SUM(I78:I81) -> 10221 | J77: =TRUNC(F77*G77,2) -> 0
A78: 16.3.1 | B78: 91924 | C78: SINAPI | D78: Condutor de cobre unipolar, isolação em PVC/70ºC, camada de proteção em PVC, não propagador de chamas, classe de tensão 750V, encordoamento classe 5, flexível, com as seguintes seções nominais: #1,5 mm² | E78: M | F78: ='MEMORIA DE CÁLCULO ADITIVOS'!F108 -> 200 | G78: =CPU!J1451 -> 2.81 | H78: =TRUNC(G78 * (1 + 28.82 / 100), 2) -> 3.61 | I78: =TRUNC(F78 * H78, 2) -> 722 | J78: =TRUNC(F78*G78,2) -> 562
A79: 16.3.2 | B79: 91926 | C79: SINAPI | D79: Condutor de cobre unipolar, isolação em PVC/70ºC, camada de proteção em PVC, não propagador de chamas, classe de tensão 750V, encordoamento classe 5, flexível, com as seguintes seções nominais: #2,5 mm² | E79: M | F79: ='MEMORIA DE CÁLCULO ADITIVOS'!F109 -> 400 | G79: =CPU!J1459 -> 4.08 | H79: =TRUNC(G79 * (1 + 28.82 / 100), 2) -> 5.25 | I79: =TRUNC(F79 * H79, 2) -> 2100 | J79: =TRUNC(F79*G79,2) -> 1632
A80: 16.3.3 | B80: 91928 | C80: SINAPI | D80: Condutor de cobre unipolar, isolação em PVC/70ºC, camada de proteção em PVC, não propagador de chamas, classe de tensão 750V, encordoamento classe 5, flexível, com as seguintes seções nominais: #4 mm² | E80: M | F80: ='MEMORIA DE CÁLCULO ADITIVOS'!F110 -> 100 | G80: =CPU!J1467 -> 6.32 | H80: =TRUNC(G80 * (1 + 28.82 / 100), 2) -> 8.14 | I80: =TRUNC(F80 * H80, 2) -> 814 | J80: =TRUNC(F80*G80,2) -> 632
A81: ='MEMORIA DE CÁLCULO ADITIVOS'!A112 -> 16.3.4 | B81: ='MEMORIA DE CÁLCULO ADITIVOS'!B112 -> 170746 | C81: ='MEMORIA DE CÁLCULO ADITIVOS'!C112 -> SEDOP | D81: ='MEMORIA DE CÁLCULO ADITIVOS'!D112 -> Cabo de cobre 10mm2 - 1 KV | E81: ='MEMORIA DE CÁLCULO ADITIVOS'!E112 -> M | F81: 300 | G81: =17.14*L10 -> 17.042033 | H81: =TRUNC(G81 * (1 + 28.82 / 100), 2) -> 21.95 | I81: =TRUNC(F81 * H81, 2) -> 6585
A82: 16.4 | D82: ILUMINAÇÃO E TOMADAS | I82: =SUM(I83:I86) -> 16075.78 | J82: =TRUNC(F82*G82,2) -> 0
A83: 16.4.2 | B83: 92001 | C83: SINAPI | D83: Tomada universal, 2P+T, 20A/250V, cor branca, completa | E83: UN | F83: ='MEMORIA DE CÁLCULO ADITIVOS'!F114 -> 1 | G83: =CPU!J1545 -> 27.74 | H83: =TRUNC(G83 * (1 + 28.82 / 100), 2) -> 35.73 | I83: =TRUNC(F83 * H83, 2) -> 35.73 | J83: =TRUNC(F83*G83,2) -> 27.74
A84: 16.4.3 | B84: 91953 | C84: SINAPI | D84: Interruptor simples 10 A, completa | E84: UN | F84: ='MEMORIA DE CÁLCULO ADITIVOS'!F115 -> 1 | G84: =CPU!J1551 -> 24.15 | H84: =TRUNC(G84 * (1 + 28.82 / 100), 2) -> 31.11 | I84: =TRUNC(F84 * H84, 2) -> 31.11 | J84: =TRUNC(F84*G84,2) -> 24.15
A85: 16.4.9 | B85: 00000159 | C85: Próprio | D85: Luminaria de embutir completa c/lamp. fluorescente/Led2x16W | E85: UN | F85: ='MEMORIA DE CÁLCULO ADITIVOS'!F116 -> 20 | G85: =CPU!J1588 -> 139.42 | H85: =TRUNC(G85 * (1 + 28.82 / 100), 2) -> 179.6 | I85: =TRUNC(F85 * H85, 2) -> 3592 | J85: =TRUNC(F85*G85,2) -> 2788.4
A86: 16.4.10 | B86: ='MEMORIA DE CÁLCULO ADITIVOS'!B118 -> 170701 | C86: ='MEMORIA DE CÁLCULO ADITIVOS'!C118 -> SEDOP | D86: ='MEMORIA DE CÁLCULO ADITIVOS'!D118 -> Ponto de força (tubul., fiaçao e disjuntor) acima de 200W: 17,00 un | E86: =E85 -> UN | F86: 18 | G86: =538.58*L10 -> 535.50163 | H86: =TRUNC(G86 * (1 + 28.82 / 100), 2) -> 689.83 | I86: =TRUNC(F86 * H86, 2) -> 12416.94
A87: 19 | D87: SERVIÇOS FINAIS | I87: =I88 -> 267.68 | J87: =TRUNC(F87*G87,2) -> 0
A88: 19.2 | B88: 99803 | C88: SINAPI | D88: Limpeza geral | E88: m² | F88: =F39 -> 112 | G88: =CPU!J1829 -> 1.86 | H88: =TRUNC(G88 * (1 + 28.82 / 100), 2) -> 2.39 | I88: =TRUNC(F88 * H88, 2) -> 267.68 | J88: =TRUNC(F88*G88,2) -> 208.32
A90: =ORCAMENTO!B21 -> ANANINDEUA(PA), 16 DE JUNHO DE 2025 | F90: Total sem BDI | H90: =SUM(J6:J88) -> 314049.96
F91: Total do BDI | H91: =H92-H90 -> 110956.85
F92: Total Geral | H92: =ORCAMENTO!E23 -> 425006.81 | L92: 429229.52
A94: =ORCAMENTO!B25 -> RIOL - Serviços de Construções LTDA.
A95: =ORCAMENTO!B26 -> CNPJ: 09.335.585/0001-75

Sheet CPU
A2: Composições Analíticas com Preço Unitário | E2: Bancos | G2: B.D.I. | I2: Encargos Sociais
A3: =ORCAMENTO!A3 -> CONCLUSÃO EMEIF "CAETÉ" | E3: =ORCAMENTO!C3 -> SINAPI - 02/2023 - Pará | G3: =ORCAMENTO!D3 -> 0.2882 | I3: =ORCAMENTO!E3 -> Desonerado: 0,00%
A4: Composições Analíticas com Preço Unitário
A5: Composições Principais
A6: 1.1 | B6: Código | C6: Banco | D6: Descrição | E6: Tipo | G6: Und | H6: Quant. | I6: Valor Unit | J6: Total
A7: Composição | B7: 74209/001 | C7: SINAPI | D7: Placa da obra em chapa de aço galvanizado, Padrão Governo Federal | E7: CANT - CANTEIRO DE OBRAS | G7: m² | H7: 1 | I7: 393.07 | J7: 393.07
A8: Composição Auxiliar | B8: 88262 | C8: SINAPI | D8: CARPINTEIRO DE FORMAS COM ENCARGOS COMPLEMENTARES | E8: SEDI - SERVIÇOS DIVERSOS | G8: H | H8: 1 | I8: 23.48 | J8: 23.48
A9: Composição Auxiliar | B9: 88316 | C9: SINAPI | D9: SERVENTE COM ENCARGOS COMPLEMENTARES | E9: SEDI - SERVIÇOS DIVERSOS | G9: H | H9: 2 | I9: 19.11 | J9: 38.22
A10: Composição Auxiliar | B10: 94962 | C10: SINAPI | D10: CONCRETO MAGRO PARA LASTRO, TRAÇO 1:4,5:4,5 (CIMENTO/ AREIA MÉDIA/ BRITA 1) - PREPARO MECÂNICO COM BETONEIRA 400 L. AF_07/2016 | E10: FUES - FUNDAÇÕES E ESTRUTURAS | G10: m³ | H10: 0.01 | I10: 529.98 | J10: 5.29
A11: Insumo | B11: 00004417 | C11: SINAPI | D11: SARRAFO DE MADEIRA NAO APARELHADA *2,5 X 7* CM, MACARANDUBA, ANGELIM OU EQUIVALENTE DA REGIAO | E11: Material | G11: M | H11: 1 | I11: 6.76 | J11: 6.76
A12: Insumo | B12: 00004491 | C12: SINAPI | D12: PONTALETE DE MADEIRA NAO APARELHADA *7,5 X 7,5* CM (3 X 3 ") PINUS, MISTA OU EQUIVALENTE DA REGIAO | E12: Material | G12: M | H12: 4 | I12: 10.81 | J12: 43.24
A13: Insumo | B13: 00004813 | C13: SINAPI | D13: PLACA DE OBRA (PARA CONSTRUCAO CIVIL) EM CHAPA GALVANIZADA *N. 22*, ADESIVADA, DE *2,0 X 1,125* M | E13: Material | G13: m² | H13: 1 | I13: 273.51 | J13: 273.51
A14: Insumo | B14: 00005075 | C14: SINAPI | D14: PREGO DE ACO POLIDO COM CABECA 18 X 30 (2 3/4 X 10) | E14: Material | G14: KG | H14: 0.11 | I14: 23.45 | J14: 2.57
E15: MO sem LS => | F15: 40.78 | G15: LS => | H15: 0 | I15: MO com LS => | J15: 40.78
E16: Valor do BDI => | F16: 113.28 | H16: Valor com BDI => | J16: 506.35
A17: 1.2 | B17: Código | C17: Banco | D17: Descrição | E17: Tipo | G17: Und | H17: Quant. | I17: Valor Unit | J17: Total
A18: Composição | B18: 93584 | C18: SINAPI | D18: Barracão provisório para deposito | E18: CANT - CANTEIRO DE OBRAS | G18: m² | H18: 1 | I18: 892.71 | J18: 892.71
A19: Composição Auxiliar | B19: 101165 | C19: SINAPI | D19: ALVENARIA DE EMBASAMENTO COM BLOCO ESTRUTURAL DE CONCRETO, DE 14X19X29CM E ARGAMASSA DE ASSENTAMENTO COM PREPARO EM BETONEIRA. AF_05/2020 | E19: FUES - FUNDAÇÕES E ESTRUTURAS | G19: m³ | H19: 0.0417 | I19: 968 | J19: 40.36
A20: Composição Auxiliar | B20: 88489 | C20: SINAPI | D20: APLICAÇÃO MANUAL DE PINTURA COM TINTA LÁTEX ACRÍLICA EM PAREDES, DUAS DEMÃOS. AF_06/2014 | E20: PINT - PINTURAS | G20: m² | H20: 5.0649 | I20: 16.93 | J20: 85.74
A21: Composição Auxiliar | B21: 91170 | C21: SINAPI | D21: FIXAÇÃO DE TUBOS HORIZONTAIS DE PVC, CPVC OU COBRE DIÂMETROS MENORES OU IGUAIS A 40 MM OU ELETROCALHAS ATÉ 150MM DE LARGURA, COM ABRAÇADEIRA METÁLICA RÍGIDA TIPO D 1/2, FIXADA EM PERFILADO EM LAJE. AF_05/2015 | E21: INHI - INSTALAÇÕES HIDROS SANITÁRIAS | G21: M | H21: 0.1325 | I21: 2.92 | J21: 0.38
A22: Composição Auxiliar | B22: 91173 | C22: SINAPI | D22: FIXAÇÃO DE TUBOS VERTICAIS DE PPR DIÂMETROS MENORES OU IGUAIS A 40 MM COM ABRAÇADEIRA METÁLICA RÍGIDA TIPO D 1/2", FIXADA EM PERFILADO EM ALVENARIA. AF_05/2015 | E22: INHI - INSTALAÇÕES HIDROS SANITÁRIAS | G22: M | H22: 0.1722 | I22: 1.48 | J22: 0.25
A23: Composição Auxiliar | B23: 91341 | C23: SINAPI | D23: PORTA EM ALUMÍNIO DE ABRIR TIPO VENEZIANA COM GUARNIÇÃO, FIXAÇÃO COM PARAFUSOS - FORNECIMENTO E INSTALAÇÃO. AF_12/2019 | E23: ESQV - ESQUADRIAS/FERRAGENS/VIDROS | G23: m² | H23: 0.153 | I23: 457.96 | J23: 70.06
A24: Composição Auxiliar | B24: 91852 | C24: SINAPI | D24: ELETRODUTO FLEXÍVEL CORRUGADO, PVC, DN 20 MM (1/2"), PARA CIRCUITOS TERMINAIS, INSTALADO EM PAREDE - FORNECIMENTO E INSTALAÇÃO. AF_12/2015 | E24: INEL - INSTALAÇÃO ELÉTRICA/ELETRIFICAÇÃO E ILUMINAÇÃO EXTERNA | G24: M | H24: 0.0662 | I24: 8.27 | J24: 0.54
A25: Composição Auxiliar | B25: 91862 | C25: SINAPI | D25: ELETRODUTO RÍGIDO ROSCÁVEL, PVC, DN 20 MM (1/2"), PARA CIRCUITOS TERMINAIS, INSTALADO EM FORRO - FORNECIMENTO E INSTALAÇÃO. AF_12/2015 | E25: INEL - INSTALAÇÃO ELÉTRICA/ELETRIFICAÇÃO E ILUMINAÇÃO EXTERNA | G25: M | H25: 0.1325 | I25: 10.1 | J25: 1.33
A26: Composição Auxiliar | B26: 91870 | C26: SINAPI | D26: ELETRODUTO RÍGIDO ROSCÁVEL, PVC, DN 20 MM (1/2"), PARA CIRCUITOS TERMINAIS, INSTALADO EM PAREDE - FORNECIMENTO E INSTALAÇÃO. AF_12/2015 | E26: INEL - INSTALAÇÃO ELÉTRICA/ELETRIFICAÇÃO E ILUMINAÇÃO EXTERNA | G26: M | H26: 0.1722 | I26: 11.01 | J26: 1.89
A27: Composição Auxiliar | B27: 91924 | C27: SINAPI | D27: CABO DE COBRE FLEXÍVEL ISOLADO, 1,5 MM², ANTI-CHAMA 450/750 V, PARA CIRCUITOS TERMINAIS - FORNECIMENTO E INSTALAÇÃO. AF_12/2015 | E27: INEL - INSTALAÇÃO ELÉTRICA/ELETRIFICAÇÃO E ILUMINAÇÃO EXTERNA | G27: M | H27: 0.6755 | I27: 2.82 | J27: 1.9
A28: Composição Auxiliar | B28: 92023 | C28: SINAPI | D28: INTERRUPTOR SIMPLES (1 MÓDULO) COM 1 TOMADA DE EMBUTIR 2P+T 10 A, INCLUINDO SUPORTE E PLACA - FORNECIMENTO E INSTALAÇÃO. AF_12/2015 | E28: INEL - INSTALAÇÃO ELÉTRICA/ELETRIFICAÇÃO E ILUMINAÇÃO EXTERNA | G28: UN | H28: 0.0662 | I28: 42.86 | J28: 2.83
A29: Composição Auxiliar | B29: 92543 | C29: SINAPI | D29: TRAMA DE MADEIRA COMPOSTA POR TERÇAS PARA TELHADOS DE ATÉ 2 ÁGUAS PARA TELHA ONDULADA DE FIBROCIMENTO, METÁLICA, PLÁSTICA OU TERMOACÚSTICA, INCLUSO TRANSPORTE VERTICAL. AF_07/2019 | E29: COBE - COBERTURA | G29: m² | H29: 1.7192 | I29: 21.63 | J29: 37.18
... A42: Insumo | B42: 00011455 | C42: SINAPI | D42: FECHO / TRINCO / FERROLHO FIO REDONDO, DE SOBREPOR, 8", EM ACO GALVANIZADO / ZINCADO | E42: Material | G42: UN | H42: 0.0662 | I42: 18.24 | J42: 1.2
E43: MO sem LS => | F43: 131.34 | G43: LS => | H43: 0 | I43: MO com LS => | J43: 131.34
E44: Valor do BDI => | F44: 257.27 | H44: Valor com BDI => | J44: 1156.39
A45: 1.3 | B45: Código | C45: Banco | D45: Descrição | E45: Tipo | G45: Und | H45: Quant. | I45: Valor Unit | J45: Total
A46: Composição | B46: 00000144 | C46: Próprio | D46: Mobilização e Desmobilização de pessoal e equipamentos | E46: SEDOP | G46: UN | H46: 1 | I46: 49730 | J46: 49730
A47: Insumo | B47: 00000076 | C47: Próprio | D47: Transporte fluvial de pessoal, materiais e insumos, inclusíve carga e descarga | E47: Equipamento | G47: T/km | H47: 100 | I47: 497.3 | J47: 49730
E48: MO sem LS => | F48: 0 | G48: LS => | H48: 0 | I48: MO com LS => | J48: 0
E49: Valor do BDI => | F49: 14332.18 | H49: Valor com BDI => | J49: 64062.18
A50: 1.4 | B50: Código | C50: Banco | D50: Descrição | E50: Tipo | G50: Und | H50: Quant. | I50: Valor Unit | J50: Total
A51: Composição | B51: 00000001 | C51: Próprio | D51: Administração Local | E51: SERT - SERVIÇOS TÉCNICOS | G51: MÊS | H51: 1 | I51: 8171.23 | J51: 8171.23
A52: Insumo | B52: 40811 | C52: SEDOP | D52: ENGENHEIRO CIVIL DE OBRA JUNIOR (MENSALISTA) | E52: Mão de Obra | G52: Mês | H52: 0.2 | I52: 16359.72 | J52: 3271.94
A53: Insumo | B53: 40819 | C53: SEDOP | D53: MESTRE DE OBRAS (MENSALISTA) | E53: Mão de Obra | G53: Mês | H53: 1 | I53: 4899.29 | J53: 4899.29
E54: MO sem LS => | F54: 8215.6 | G54: LS => | H54: 0 | I54: MO com LS => | J54: 8215.6
E55: Valor do BDI => | F55: 2354.94 | H55: Valor com BDI => | J55: 10583.33
A56: 2.1 | B56: Código | C56: Banco | D56: Descrição | E56: Tipo | G56: Und | H56: Quant. | I56: Valor Unit | J56: Total
A57: Composição | B57: 93358 | C57: SINAPI | D57: Escavação mecanizada de valas em qualquer terreno até h=2,0 m | E57: MOVT - MOVIMENTO DE TERRA | G57: m³ | H57: 1 | I57: 75.59 | J57: 75.59
A58: Composição Auxiliar | B58: 88316 | C58: SINAPI | D58: SERVENTE COM ENCARGOS COMPLEMENTARES | E58: SEDI - SERVIÇOS DIVERSOS | G58: H | H58: 3.956 | I58: 19.11 | J58: 75.59
E59: MO sem LS => | F59: 47.35 | G59: LS => | H59: 0 | I59: MO com LS => | J59: 47.35
E60: Valor do BDI => | F60: 21.78 | H60: Valor com BDI => | J60: 97.37
A61: 3.1.1 | B61: Código | C61: Banco | D61: Descrição | E61: Tipo | G61: Und | H61: Quant. | I61: Valor Unit | J61: Total
A62: Composição | B62: 96535 | C62: SINAPI | D62: Forma de madeira em tábuas para fundações, com reaproveitamento | E62: FUES - FUNDAÇÕES E ESTRUTURAS | G62: m² | H62: 1 | I62: 141.18 | J62: 141.18
A63: Composição Auxiliar | B63: 88239 | C63: SINAPI | D63: AJUDANTE DE CARPINTEIRO COM ENCARGOS COMPLEMENTARES | E63: SEDI - SERVIÇOS DIVERSOS | G63: H | H63: 1.086 | I63: 19.44 | J63: 21.11
A64: Composição Auxiliar | B64: 88262 | C64: SINAPI | D64: CARPINTEIRO DE FORMAS COM ENCARGOS COMPLEMENTARES | E64: SEDI - SERVIÇOS DIVERSOS | G64: H | H64: 2.769 | I64: 23.48 | J64: 65.01
A65: Composição Auxiliar | B65: 91692 | C65: SINAPI | D65: SERRA CIRCULAR DE BANCADA COM MOTOR ELÉTRICO POTÊNCIA DE 5HP, COM COIFA PARA DISCO 10" - CHP DIURNO. AF_08/2015 | E65: CHOR - CUSTOS HORÁRIOS DE MÁQUINAS E EQUIPAMENTOS | G65: CHP | H65: 0.079 | I65: 25.7 | J65: 2.03
A66: Composição Auxiliar | B66: 91693 | C66: SINAPI | D66: SERRA CIRCULAR DE BANCADA COM MOTOR ELÉTRICO POTÊNCIA DE 5HP, COM COIFA PARA DISCO 10" - CHI DIURNO. AF_08/2015 | E66: CHOR - CUSTOS HORÁRIOS DE MÁQUINAS E EQUIPAMENTOS | G66: CHI | H66: 0.039 | I66: 24.19 | J66: 0.94
A67: Insumo | B67: 00002692 | C67: SINAPI | D67: DESMOLDANTE PROTETOR PARA FORMAS DE MADEIRA, DE BASE OLEOSA EMULSIONADA EM AGUA | E67: Material | G67: L | H67: 0.017 | I67: 7.91 | J67: 0.13
A68: Insumo | B68: 00004517 | C68: SINAPI | D68: SARRAFO DE MADEIRA NAO APARELHADA *2,5 X 7,5* CM (1 X 3 ") PINUS, MISTA OU EQUIVALENTE DA REGIAO | E68: Material | G68: M | H68: 4.612 | I68: 3.77 | J68: 17.38
A69: Insumo | B69: 00005073 | C69: SINAPI | D69: PREGO DE ACO POLIDO COM CABECA 17 X 24 (2 1/4 X 11) | E69: Material | G69: KG | H69: 0.047 | I69: 23.9 | J69: 1.12
A70: Insumo | B70: 00005074 | C70: SINAPI | D70: PREGO DE ACO POLIDO COM CABECA 15 X 18 (1 1/2 X 13) | E70: Material | G70: KG | H70: 0.016 | I70: 26.27 | J70: 0.42
A71: Insumo | B71: 00006189 | C71: SINAPI | D71: TABUA DE MADEIRA NAO APARELHADA *2,5 X 30* CM, CEDRINHO OU EQUIVALENTE DA REGIAO | E71: Material | G71: M | H71: 1.278 | I71: 25.64 | J71: 32.76
A72: Insumo | B72: 00040304 | C72: SINAPI | D72: PREGO DE ACO POLIDO COM CABECA DUPLA 17 X 27 (2 1/2 X 11) | E72: Material | G72: KG | H72: 0.01 | I72: 28.94 | J72: 0.28
E73: MO sem LS => | F73: 60.8 | G73: LS => | H73: 0 | I73: MO com LS => | J73: 60.8
E74: Valor do BDI => | F74: 40.68 | H74: Valor com BDI => | J74: 181.86
A75: 3.1.2 | B75: Código | C75: Banco | D75: Descrição | E75: Tipo | G75: Und | H75: Quant. | I75: Valor Unit | J75: Total
A76: Composição | B76: 92919 | C76: SINAPI | D76: Armação de aço CA-50 Ø 10mm; incluso fornecimento, corte, dobra e colocação | E76: FUES - FUNDAÇÕES E ESTRUTURAS | G76: KG | H76: 1 | I76: 13.19 | J76: 13.19
A77: Composição Auxiliar | B77: 88238 | C77: SINAPI | D77: AJUDANTE DE ARMADOR COM ENCARGOS COMPLEMENTARES | E77: SEDI - SERVIÇOS DIVERSOS | G77: H | H77: 0.0116 | I77: 19.14 | J77: 0.22
A78: Composição Auxiliar | B78: 88245 | C78: SINAPI | D78: ARMADOR COM ENCARGOS COMPLEMENTARES | E78: SEDI - SERVIÇOS DIVERSOS | G78: H | H78: 0.0709 | I78: 23.66 | J78: 1.67
A79: Composição Auxiliar | B79: 92803 | C79: SINAPI | D79: CORTE E DOBRA DE AÇO CA-50, DIÂMETRO DE 10,0 MM, UTILIZADO EM LAJE. AF_12/2015 | E79: FUES - FUNDAÇÕES E ESTRUTURAS | G79: KG | H79: 1 | I79: 10.52 | J79: 10.52
A80: Insumo | B80: 00039017 | C80: SINAPI | D80: ESPACADOR / DISTANCIADOR CIRCULAR COM ENTRADA LATERAL, EM PLASTICO, PARA VERGALHAO *4,2 A 12,5* MM, COBRIMENTO 20 MM | E80: Material | G80: UN | H80: 0.543 | I80: 0.21 | J80: 0.11
A81: Insumo | B81: 00043132 | C81: SINAPI | D81: ARAME RECOZIDO 16 BWG, D = 1,60 MM (0,016 KG/M) OU 18 BWG, D = 1,25 MM (0,01 KG/M) | E81: Material | G81: KG | H81: 0.025 | I81: 26.85 | J81: 0.67
E82: MO sem LS => | F82: 1.44 | G82: LS => | H82: 0 | I82: MO com LS => | J82: 1.44
E83: Valor do BDI => | F83: 3.8 | H83: Valor com BDI => | J83: 16.99
A84: 3.1.3 | B84: Código | C84: Banco | D84: Descrição | E84: Tipo | G84: Und | H84: Quant. | I84: Valor Unit | J84: Total
A85: Composição | B85: 92915 | C85: SINAPI | D85: Armação de aço CA-60 Ø 5,0mm; incluso fornecimento, corte, dobra e colocação | E85: FUES - FUNDAÇÕES E ESTRUTURAS | G85: KG | H85: 1 | I85: 17.03 | J85: 17.03
A86: Composição Auxiliar | B86: 88238 | C86: SINAPI | D86: AJUDANTE DE ARMADOR COM ENCARGOS COMPLEMENTARES | E86: SEDI - SERVIÇOS DIVERSOS | G86: H | H86: 0.0316 | I86: 19.14 | J86: 0.6
A87: Composição Auxiliar | B87: 88245 | C87: SINAPI | D87: ARMADOR COM ENCARGOS COMPLEMENTARES | E87: SEDI - SERVIÇOS DIVERSOS | G87: H | H87: 0.1933 | I87: 23.66 | J87: 4.57
A88: Composição Auxiliar | B88: 92800 | C88: SINAPI | D88: CORTE E DOBRA DE AÇO CA-60, DIÂMETRO DE 5,0 MM, UTILIZADO EM LAJE. AF_12/2015 | E88: FUES - FUNDAÇÕES E ESTRUTURAS | G88: KG | H88: 1 | I88: 10.95 | J88: 10.95
A89: Insumo | B89: 00039017 | C89: SINAPI | D89: ESPACADOR / DISTANCIADOR CIRCULAR COM ENTRADA LATERAL, EM PLASTICO, PARA VERGALHAO *4,2 A 12,5* MM, COBRIMENTO 20 MM | E89: Material | G89: UN | H89: 1.19 | I89: 0.21 | J89: 0.24
A90: Insumo | B90: 00043132 | C90: SINAPI | D90: ARAME RECOZIDO 16 BWG, D = 1,60 MM (0,016 KG/M) OU 18 BWG, D = 1,25 MM (0,01 KG/M) | E90: Material | G90: KG | H90: 0.025 | I90: 26.85 | J90: 0.67
E91: MO sem LS => | F91: 4.59 | G91: LS => | H91: 0 | I91: MO com LS => | J91: 4.59
E92: Valor do BDI => | F92: 4.9 | H92: Valor com BDI => | J92: 21.93
A93: 3.1.4 | B93: Código | C93: Banco | D93: Descrição | E93: Tipo | G93: Und | H93: Quant. | I93: Valor Unit | J93: Total
A94: Composição | B94: 96558 | C94: SINAPI | D94: Concreto Bombeado fck= 25MPa; incluindo preparo, lançamento e adensamento | E94: FUES - FUNDAÇÕES E ESTRUTURAS | G94: m³ | H94: 1 | I94: 882.97 | J94: 882.97
A95: Composição Auxiliar | B95: 88309 | C95: SINAPI | D95: PEDREIRO COM ENCARGOS COMPLEMENTARES | E95: SEDI - SERVIÇOS DIVERSOS | G95: H | H95: 0.493 | I95: 23.83 | J95: 11.74
A96: Composição Auxiliar | B96: 88316 | C96: SINAPI | D96: SERVENTE COM ENCARGOS COMPLEMENTARES | E96: SEDI - SERVIÇOS DIVERSOS | G96: H | H96: 0.74 | I96: 19.11 | J96: 14.14
A97: Composição Auxiliar | B97: 90586 | C97: SINAPI | D97: VIBRADOR DE IMERSÃO, DIÂMETRO DE PONTEIRA 45MM, MOTOR ELÉTRICO TRIFÁSICO POTÊNCIA DE 2 CV - CHP DIURNO. AF_06/2015 | E97: CHOR - CUSTOS HORÁRIOS DE MÁQUINAS E EQUIPAMENTOS | G97: CHP | H97: 0.12 | I97: 1.39 | J97: 0.16
A98: Composição Auxiliar | B98: 90587 | C98: SINAPI | D98: VIBRADOR DE IMERSÃO, DIÂMETRO DE PONTEIRA 45MM, MOTOR ELÉTRICO TRIFÁSICO POTÊNCIA DE 2 CV - CHI DIURNO. AF_06/2015 | E98: CHOR - CUSTOS HORÁRIOS DE MÁQUINAS E EQUIPAMENTOS | G98: CHI | H98: 0.126 | I98: 0.49 | J98: 0.06
A99: Insumo | B99: 00001525 | C99: SINAPI | D99: CONCRETO USINADO BOMBEAVEL, CLASSE DE RESISTENCIA C30, COM BRITA 0 E 1, SLUMP = 100 +/- 20 MM, INCLUI SERVICO DE BOMBEAMENTO (NBR 8953) | E99: Material | G99: m³ | H99: 1.15 | I99: 745.11 | J99: 856.87
E100: MO sem LS => | F100: 17 | G100: LS => | H100: 0 | I100: MO com LS => | J100: 17
E101: Valor do BDI => | F101: 254.47 | H101: Valor com BDI => | J101: 1137.44
A102: 3.1.5 | B102: Código | C102: Banco | D102: Descrição | E102: Tipo | G102: Und | H102: Quant. | I102: Valor Unit | J102: Total
A103: Composição | B103: 98230 | C103: SINAPI | D103: Estaca escavada mecanicamente com 30 cm de diametro, sem armação | E103: FUES - FUNDAÇÕES E ESTRUTURAS | G103: M | H103: 1 | I103: 140.85 | J103: 140.85
A104: Composição Auxiliar | B104: 88309 | C104: SINAPI | D104: PEDREIRO COM ENCARGOS COMPLEMENTARES | E104: SEDI - SERVIÇOS DIVERSOS | G104: H | H104: 1.238 | I104: 23.83 | J104: 29.5
A105: Composição Auxiliar | B105: 88316 | C105: SINAPI | D105: SERVENTE COM ENCARGOS COMPLEMENTARES | E105: SEDI - SERVIÇOS DIVERSOS | G105: H | H105: 1.476 | I105: 19.11 | J105: 28.2
A106: Composição Auxiliar | B106: 92795 | C106: SINAPI | D106: CORTE E DOBRA DE AÇO CA-50, DIÂMETRO DE 12,5 MM, UTILIZADO EM ESTRUTURAS DIVERSAS, EXCETO LAJES. AF_12/2015 | E106: FUES - FUNDAÇÕES E ESTRUTURAS | G106: KG | H106: 2.889 | I106: 9.09 | J106: 26.26
A107: Composição Auxiliar | B107: 94970 | C107: SINAPI | D107: CONCRETO FCK = 20MPA, TRAÇO 1:2,7:3 (CIMENTO/ AREIA MÉDIA/ BRITA 1) - PREPARO MECÂNICO COM BETONEIRA 600 L. AF_07/2016 | E107: FUES - FUNDAÇÕES E ESTRUTURAS | G107: m³ | H107: 0.086 | I107: 661.6 | J107: 56.89
E108: MO sem LS => | F108: 42.03 | G108: LS => | H108: 0 | I108: MO com LS => | J108: 42.03
E109: Valor do BDI => | F109: 40.59 | H109: Valor com BDI => | J109: 181.44
A110: 4.1.1 | B110: Código | C110: Banco | D110: Descrição | E110: Tipo | G110: Und | H110: Quant. | I110: Valor Unit | J110: Total
A111: Composição | B111: 104489 | C111: SINAPI | D111: COMPOSIÇÃO PARAMÉTRICA PARA EXECUÇÃO DE ESCADA EM CONCRETO ARMADO, MOLDADA IN LOCO, FCK = 25 MPA. AF_11/2022 | E111: FUES - FUNDAÇÕES E ESTRUTURAS | G111: m³ | H111: 1 | I111: 4030.69 | J111: 4030.69
A112: Composição Auxiliar | B112: 101980 | C112: SINAPI | D112: MONTAGEM E DESMONTAGEM DE FÔRMA PARA ESCADAS, COM 2 LANCES EM "U" E LAJE PLANA, EM CHAPA DE MADEIRA COMPENSADA RESINADA, 4 UTILIZAÇÕES. AF_11/2020 | E112: FUES - FUNDAÇÕES E ESTRUTURAS | G112: m² | H112: 7.6923 | I112: 261.07 | J112: 2008.22
A113: Composição Auxiliar | B113: 103686 | C113: SINAPI | D113: CONCRETAGEM DE ESCADAS, FCK=25 MPA, COM USO DE BOMBA - LANÇAMENTO, ADENSAMENTO E ACABAMENTO. AF_02/2022 | E113: FUES - FUNDAÇÕES E ESTRUTURAS | G113: m³ | H113: 1 | I113: 890.3 | J113: 890.3
...

Sheet CRONOGRAMA
A2: Obra | C2: Bancos | F2: B.D.I. | H2: Encargos Sociais
A3: =ORCAMENTO!A3 -> CONCLUSÃO EMEIF "CAETÉ" | C3: =ORCAMENTO!C3 -> SINAPI - 02/2023 - Pará | F3: 28,82% | H3: =ORCAMENTO!E3 -> Desonerado: 0,00%
A4: Cronograma Físico e Financeiro
A5: Item | B5: Descrição | C5: Total Por Etapa | D5: 30 DIAS | E5: 60 DIAS | F5: 90 DIAS | G5: 120 DIAS | H5: 150 DIAS | I5: 180 DIAS
A6: 1 | B6: =ORCAMENTO!#REF! -> #REF! | C6: 1 | D6: 0.3 | E6: 0.14 | F6: 0.14 | G6: 0.14 | H6: 0.14 | I6: 0.14
C7: =ORCAMENTO!#REF! -> #REF! | D7: =C7-E7-F7-G7-H7-I7 -> #REF! | E7: =TRUNC(C7*E6,2) -> #REF! | F7: =TRUNC(C7*F6,2) -> #REF! | G7: =TRUNC(C7*G6,2) -> #REF! | H7: =TRUNC(C7*H6,2) -> #REF! | I7: =TRUNC(C7*I6,2) -> #REF!
A8: 2 | B8: =ORCAMENTO!B6 -> MOVIMENTO DE TERRAS PARA FUNDAÇÕES | C8: 1 | D8: 1
C9: =ORCAMENTO!E6 -> 1752.66 | D9: =TRUNC(C9*D8,2) -> 1752.66
A10: 3 | B10: =ORCAMENTO!B7 -> FUNDAÇÕES | C10: 1 | D10: 1
C11: =ORCAMENTO!E7 -> 139815.83 | D11: =TRUNC(C11*D10,2) -> 139815.83
A12: 4 | B12: =ORCAMENTO!B8 -> SUPERESTRUTURA | C12: 1 | D12: 0.25 | E12: 0.5 | F12: 0.25
C13: =ORCAMENTO!E8 -> 61042.95 | D13: =TRUNC(C13*D12,2) -> 15260.73 | E13: =C13-D13-F13 -> 30521.49 | F13: =TRUNC(C13*F12,2) -> 15260.73
A14: 5 | B14: =ORCAMENTO!B9 -> SISTEMA DE VEDAÇÃO VERTICAL | C14: 1 | F14: 0.5 | G14: 0.5
C15: =ORCAMENTO!E9 -> 2692.8 | F15: =TRUNC(C15*F14,2) -> 1346.4 | G15: =C15-F15 -> 1346.4
A16: 6 | B16: =ORCAMENTO!B10 -> ESQUADRIAS | C16: 1 | E16: 0.25 | F16: 0.25 | G16: 0.5
C17: =ORCAMENTO!E10 -> 37852.44 | E17: =TRUNC(C17*E16,2) -> 9463.11 | F17: =TRUNC(C17*F16,2) -> 9463.11 | G17: =C17-E17-F17 -> 18926.22
A18: 7 | B18: =ORCAMENTO!B11 -> SISTEMAS DE COBERTURA | C18: 1 | E18: 0.25 | F18: 0.5 | G18: 0.25
C19: =ORCAMENTO!E11 -> 70102.87 | E19: =TRUNC(C19*E18,2) -> 17525.71 | F19: =C19-E19-G19 -> 35051.45 | G19: =TRUNC(C19*G18,2) -> 17525.71
A20: 8 | B20: =ORCAMENTO!B12 -> IMPERMEABILIZAÇÃO | C20: 1 | G20: 1
C21: =ORCAMENTO!E12 -> 736.2 | G21: =C21 -> 736.2
A22: 9 | B22: =ORCAMENTO!B13 -> REVESTIMENTOS INTERNOS E EXTERNOS | C22: 1 | F22: 0.25 | G22: 0.5 | H22: 0.25
C23: =ORCAMENTO!E13 -> 13154.4 | F23: =TRUNC(C23*F22,2) -> 3288.6 | G23: =C23-F23-H23 -> 6577.2 | H23: =TRUNC(C23*H22,2) -> 3288.6
A24: 10 | B24: =ORCAMENTO!B14 -> SISTEMAS DE PISOS | C24: 1 | F24: 0.25 | G24: 0.25 | H24: 0.25 | I24: 0.25
C25: =ORCAMENTO!E14 -> 6211.52 | F25: =TRUNC(C25*F24,2) -> 1552.88 | G25: =TRUNC(C25*G24,2) -> 1552.88 | H25: =TRUNC(C25*H24,2) -> 1552.88 | I25: =C25-F25-G25-H25 -> 1552.88
A26: 11 | B26: =ORCAMENTO!B15 -> PINTURAS E ACABAMENTOS | C26: 1 | G26: 0.25 | H26: 0.5 | I26: 0.25
C27: =ORCAMENTO!E15 -> 12759.06 | G27: =TRUNC(C27*G26,2) -> 3189.76 | H27: =C27-G27-I27 -> 6379.54 | I27: =TRUNC(C27*I26,2) -> 3189.76
A28: 12 | B28: =ORCAMENTO!B16 -> INSTALAÇÕES HIDRÁULICAS | C28: 1 | G28: 1
C29: =ORCAMENTO!E16 -> 47234.88 | G29: =C29 -> 47234.88
A30: 13 | B30: =ORCAMENTO!#REF! -> #REF! | C30: 1 | G30: 0.5 | H30: 0.5
C31: =ORCAMENTO!#REF! -> #REF! | G31: =TRUNC(C31*G30,2) -> #REF! | H31: =C31-G31 -> #REF!
A32: 14 | B32: =ORCAMENTO!#REF! -> #REF! | C32: 1 | G32: 0.5 | H32: 0.5
C33: =ORCAMENTO!#REF! -> #REF! | G33: =TRUNC(C33*G32,2) -> #REF! | H33: =C33-G33 -> #REF!
A34: 15 | B34: =ORCAMENTO!B17 -> SISTEMA DE PROTEÇÃO CONTRA INCÊNCIO | C34: 1 | I34: 1
C35: =ORCAMENTO!E17 -> 357.92 | I35: =C35 -> 357.92
A36: 16 | B36: =ORCAMENTO!B18 -> INSTALAÇÕES ELÉTRICAS | C36: 1 | F36: 0.25 | G36: 0.25 | H36: 0.25 | I36: 0.25
C37: =ORCAMENTO!E18 -> 31025.6 | F37: =TRUNC(C37*F36,2) -> 7756.4 | G37: =TRUNC(C37*G36,2) -> 7756.4 | H37: =TRUNC(C37*H36,2) -> 7756.4 | I37: =C37-F37-G37-H37 -> 7756.4
A38: 17 | B38: =ORCAMENTO!#REF! -> #REF! | C38: 1 | E38: 0.25 | F38: 0.25 | G38: 0.25 | H38: 0.25
C39: =ORCAMENTO!#REF! -> #REF! | E39: =TRUNC(C39*E38,2) -> #REF! | F39: =TRUNC(C39*F38,2) -> #REF! | G39: =TRUNC(C39*G38,2) -> #REF! | H39: =C39-E39-F39-G39 -> #REF!
A40: 18 | B40: =ORCAMENTO!#REF! -> #REF! | C40: 1 | H40: 0.5 | I40: 0.5
C41: =ORCAMENTO!#REF! -> #REF! | H41: =TRUNC(C41*H40,2) -> #REF! | I41: =C41-H41 -> #REF!
A42: 19 | B42: =ORCAMENTO!B19 -> SERVIÇOS FINAIS | C42: 1 | I42: 1
C43: =ORCAMENTO!E19 -> 267.68 | I43: =C43 -> 267.68
A44: Porcentagem | D44: =TRUNC(D45/I47,4) -> #REF! | E44: =TRUNC(E45/I47,4) -> #REF! | F44: =TRUNC(F45/I47,4) -> #REF! | G44: =TRUNC(G45/I47,4) -> #REF! | H44: =TRUNC(H45/I47,4) -> #REF! | I44: =I46-H46 -> #REF!
A45: Custo | D45: =D7+D9+D11+D13+D15+D17+D19+D21+D23+D25+D27+D29+D31+D33+D35+D37+D39+D41+D43 -> #REF! | E45: =E7+E9+E11+E13+E15+E17+E19+E21+E23+E25+E27+E29+E31+E33+E35+E37+E39+E41+E43 -> #REF! | F45: =F7+F9+F11+F13+F15+F17+F19+F21+F23+F25+F27+F29+F31+F33+F35+F37+F39+F41+F43 -> #REF! | G45: =G7+G9+G11+G13+G15+G17+G19+G21+G23+G25+G27+G29+G31+G33+G35+G37+G39+G41+G43 -> #REF! | H45: =H7+H9+H11+H13+H15+H17+H19+H21+H23+H25+H27+H29+H31+H33+H35+H37+H39+H41+H43 -> #REF! | I45: =I7+I9+I11+I13+I15+I17+I19+I21+I23+I25+I27+I29+I31+I33+I35+I37+I39+I41+I43 -> #REF!
A46: Porcentagem Acumulado | D46: =D44 -> #REF! | E46: =D46+E44 -> #REF! | F46: =E46+F44 -> #REF! | G46: =F46+G44 -> #REF! | H46: =G46+H44 -> #REF! | I46: 1
A47: Custo Acumulado | D47: =D45 -> #REF! | E47: =D47+E45 -> #REF! | F47: =E47+F45 -> #REF! | G47: =F47+G45 -> #REF! | H47: =G47+H45 -> #REF! | I47: =H47+I45 -> #REF!
B49: =ORCAMENTO!B21 -> ANANINDEUA(PA), 16 DE JUNHO DE 2025
B51: =ORCAMENTO!B25 -> RIOL - Serviços de Construções LTDA.
B52: =ORCAMENTO!B26 -> CNPJ: 09.335.585/0001-75

Sheet QUANTIDADES
A2: Obra
A3: =ORCAMENTO!A3 -> CONCLUSÃO EMEIF "CAETÉ"
A4: Memória de Cálculo
A5: Item | B5: Descrição | C5: Und | D5: Quant.
A6: 2 | B6: MOVIMENTO DE TERRAS PARA FUNDAÇÕES
A7: 2.1 | B7: Escavação mecanizada de valas em qualquer terreno até h=2,0 m | C7: m³ | D7: 30
A8: 3 | B8: FUNDAÇÕES
A9: 3.1 | B9: CONCRETO ARMADO PARA FUNDAÇÕES - BASE CAIXA D´ÁGUA
A10: 3.1.1 | B10: Forma de madeira em tábuas para fundações, com reaproveitamento | C10: m² | D10: 5.6
A11: 3.1.2 | B11: Armação de aço CA-50 Ø 10mm; incluso fornecimento, corte, dobra e colocação | C11: KG | D11: 325
A12: 3.1.3 | B12: Armação de aço CA-60 Ø 5,0mm; incluso fornecimento, corte, dobra e colocação | C12: KG | D12: 82
A13: 3.1.4 | B13: Concreto Bombeado fck= 25MPa; incluindo preparo, lançamento e adensamento | C13: m³ | D13: 3.92
A14: 3.1.5 | B14: Estaca escavada mecanicamente com 30 cm de diametro, sem armação | C14: M | D14: 63
A15: 4 | B15: SUPERESTRUTURA
A16: 4.1 | B16: VIGAS DE COBERTURA
A17: 4.1.1 | B17: COMPOSIÇÃO PARAMÉTRICA PARA EXECUÇÃO DE ESCADA EM CONCRETO ARMADO, MOLDADA IN LOCO, FCK = 25 MPA. AF_11/2022 | C17: m³ | D17: 5.8
A18: 4.2 | B18: CONCRETO ARMADO - LAJES DE FORRO
A19: 4.2.1 | B19: Laje pré-moldada para forro | C19: m² | D19: 375
A20: 5 | B20: SISTEMA DE VEDAÇÃO VERTICAL
A21: 5.1 | B21: Alvenaria de vedação de 1/2 vez em tijolos cerâmicos (dimensões nominais: 39x19x09); assentamento em argamassa no traço 1:2:8 (cimento, cal e areia) | C21: m² | D21: 319.9105
A22: 5.2 | B22: Divisória de banheiros e sanitários em granito com espessura de 2cm polido assentado com argamassa traço 1:4 | C22: m² | D22: 12.92
A23: 6 | B23: ESQUADRIAS
A24: 6.1 | B24: PORTAS DE MADEIRA
A25: 6.1.1 | B25: PM1 - Porta de abrir em madeira para pintura 0,80x2,10m, espessura 3,5cm, incluso dobradiças, batentes e fechadura | C25: UN | D25: 7
A26: 6.1.2 | B26: PM2 - Porta de madeira com visor para pintura, semi-oca (leve ou média), dimensões 80x210cm, espessura 3,5cm; incluso dobradiças, batentes e fechadura | C26: UN | D26: 7
A27: 6.1.3 | B27: PM3- Porta de abrir em madeira para pintura 0,80x2,10m, espessura 3,5cm, incluso dobradiças, batentes e fechadura | C27: UN | D27: 2
A28: 6.1.4 | B28: PM4- Porta de abrir em madeira para pintura 0,60x2,10m, espessura 3,5cm, com veneziana 0,50x0,40m conforme projeto, incluso dobradiças, batentes e fechadura | C28: UN | D28: 1
A29: 6.1.5 | B29: PM5- Porta de abrir em madeira para pintura 0,80x2,10m, espessura 3,5cm, com veneziana 0,50x0,40m conforme projeto, incluso dobradiças, batentes e fechadura | C29: UN | D29: 3
A30: 6.1.6 | B30: PM6- Porta de abrir em alumínio para box banheiro, 0,60x1,60m, incluso marco e dobradiças | C30: m² | D30: 2.88
A31: 6.1.7 | B31: PM7- Porta de abrir em alumínio para box banheiro, 0,80x1,60m, incluso marco e dobradiças | C31: m² | D31: 2.56
A32: 6.2 | B32: FERRAGENS E ACESSÓRIOS
A33: 6.2.1 | B33: Barra de apoio 40 cm, aço inox polido, Deca ou equivalente - PM7 | C33: UN | D33: 2
A34: 6.2.2 | B34: Fechadura de embutir completa, tipo tarjeta livre-ocupado | C34: UN | D34: 5
A35: 6.2.3 | B35: Chapa de alumínio corrugada e=0,7mm - referência ORSE (9076) | C35: m² | D35: 2.88
A36: 6.3 | B36: PORTAS DE ALUMÍNIO
A37: 6.3.1 | B37: PA1 - Porta em alumínio de abrir de 0,80x2,10m com divisão horizontal para vidro e veneziana, conforme projeto de esquadrias, incluso dobradiças, batentes, fechadura e vidro mini boreal | C37: m² | D37: 1.68
A38: 6.4 | B38: JANELAS DE ALUMÍNIO
A39: 6.4.1 | B39: JA-1 -Janela de Alumínio, basculante 60x40cm, conforme projeto de esquadrias, inclusive ferragens e vidro liso incolor, espessura 6mm | C39: m² | D39: 0.24
A40: 6.4.2 | B40: JA-2 -Janela de Alumínio, de abrir 60x90cm, conforme projeto de esquadrias, inclusive ferragens e vidro liso incolor, espessura 6mm | C40: m² | D40: 1.08
A41: 6.4.3 | B41: JA-3 -Janela de Alumínio, basculante 100x40cm, conforme projeto de esquadrias, inclusive ferragens e vidro miniboreal, espessura 6mm | C41: m² | D41: 3.2
A42: 6.4.4 | B42: JA-4 -Janela de Alumínio, de correr 150x40cm, conforme projeto de esquadrias, inclusive ferragens e vidro liso incolor, espessura 6mm | C42: m² | D42: 0.6
A43: 6.4.5 | B43: JA-5 -Janela de Alumínio, de correr 120x100cm, conforme projeto de esquadrias, inclusive ferragens e vidro liso incolor, espessura 6mm | C43: m² | D43: 6
A44: 6.4.6 | B44: JA-6 -Janela de Alumínio, basculante 150x110cm, conforme projeto de esquadrias, inclusive ferragens e vidro liso incolor, espessura 6mm | C44: m² | D44: 3.3
A45: 6.4.7 | B45: JA-7 -Janela de Alumínio, basculante 200x110cm, conforme projeto de esquadrias, inclusive ferragens e vidro liso incolor, espessura 6mm | C45: m² | D45: 8.8
A46: 6.4.8 | B46: JA-8 -Janela de Alumínio, basculante 220X110cm, conforme projeto de esquadrias, inclusive ferragens e vidro liso incolor, espessura 6mm | C46: m² | D46: 67.76
A47: 6.4.9 | B47: JA-9 -Janela de Alumínio, com veneziana fixa 180X60cm, conforme projeto de esquadrias, inclusive ferragens | C47: m² | D47: 6.48
A48: 6.4.10 | B48: JA-10 -Janela de Alumínio, fixa, conforme projeto de esquadrias, inclusive ferragens | C48: m² | D48: 1.98
A49: 6.4.11 | B49: Tela de nylon de proteção- fixada na esquadria | C49: m² | D49: 4.2
A50: 6.5 | B50: VIDROS
A51: 6.5.1 | B51: Vidro liso temperado incolor, espessura 6m | C51: m² | D51: 1.98
A52: 6.5.2 | B52: Espelho cristal espessura 4mm sem moldura | C52: m² | D52: 4.4
A53: 7 | B53: SISTEMAS DE COBERTURA
A54: 7.1 | B54: Fabricação e Instalação de tesoura inteira em madeira não aparelhada, vão de 8m, para telha cerâmica | C54: UN | D54: 23
A55: 7.2 | B55: Fabricação e Instalação de tesoura inteira em madeira não aparelhada, vão de 7m, para telha cerâmica | C55: UN | D55: 10
A56: 7.3 | B56: Fabricação e Instalação de tesoura inteira em madeira não aparelhada, vão de 6m, para telha cerâmica | C56: UN | D56: 6
A57: 7.4 | B57: Fabricação e Instalação de tesoura inteira em madeira não aparelhada, vão de 4m, para telha cerâmica | C57: UN | D57: 6
A58: 7.5 | B58: Trama de madeira composta por ripas, caibros e terças para telhados de mais que 2 águas para telha cerâmica | C58: m² | D58: 1189.68
A59: 7.6 | B59: Verniz sintético sobre estrutura de madeira, duas demãos | C59: m² | D59: 1714.31
A60: 7.7 | B60: Cobertura em telha cerâmica tipo PLAN | C60: m² | D60: 1189.68
A61: 7.8 | B61: Cumeeira com telha cerâmica emboçada com argamassa traço 1:2:8 | C61: M | D61: 213.8
A62: 8 | B62: IMPERMEABILIZAÇÃO
A63: 8.1 | B63: Impermeabilização com tinta betuminosa em fundações, baldrames | C63: m² | D63: 463.48
A64: 9 | B64: REVESTIMENTOS INTERNOS E EXTERNOS
A65: 9.1 | B65: Chapisco em parede com argamassa traço - 1:3 (cimento / areia) | C65: m² | D65: 1969.41
A66: 9.2 | B66: Chapisco em teto com argamassa traço - 1:3 (cimento / areia) | C66: m² | D66: 579.57
A67: 9.3 | B67: Emboço, com argamassa traço - 1:2:9 (cimento / cal / areia), espessura 2 cm | C67: m² | D67: 1969.41
A68: 9.4 | B68: Reboco para paredes internas, externas, vigas, traço 1:4,5 - espessura 0,5 cm | C68: m² | D68: 1307.77
A69: 9.5 | B69: Reboco de teto, com argamassa traço - 1:2 (cal / areia fina), espessura 1 cm | C69: m² | D69: 579.57
A70: 9.6 | B70: Revestimento cerâmico de paredes PEI IV- cerâmica 30 x 40 cm aplicado com argamassa industrializada- incl. rejunte - conforme projeto | C70: m² | D70: 439.53
A71: 9.7 | B71: Revestimento cerâmico de paredes PEI IV - cerâmica 10 x 10 cm aplicado com argamassa industrializada- incl. rejunte - conforme projeto | C71: m² | D71: 222.12
A72: 9.8 | B72: Rodameio em madeira boleada parafusado em parede, largura 10 cm | C72: M | D72: 257.15
A73: 10 | B73: SISTEMAS DE PISOS
A74: 10.1 | B74: PAVIMENTAÇÃO INTERNA
A75: 10.1.1 | B75: Aterro compactado | C75: m³ | D75: 250
A76: 10.1.2 | B76: Contrapiso de concreto não-estrutural, espessura 3cm e preparo mecânico | C76: m² | D76: 814.48
A77: 10.1.3 | B77: Piso cimentado desempenado com acabamento liso e=2,0cm com junta plastica acabada 1,2m | C77: m² | D77: 814.48
A78: 10.1.4 | B78: Piso cerâmico esmaltado PEI V - 40 x 40 cm aplicado com argamassa industrializada - incl. rejunte - Branco antiderrapante - conforme projeto | C78: m² | D78: 65.28
A79: 10.1.5 | B79: Piso cerâmico esmaltado PEI V - 40 x 40 cm aplicado com argamassa industrializada - incl. rejunte - Cinza Antiderrapante - conforme projeto | C79: m² | D79: 749.2
A80: 10.1.6 | B80: Piso tátil alerta/direcional em placas de borracha 30x30cm | C80: M | D80: 40.95
A81: 10.1.7 | B81: Piso tátil alerta/direcional em placas pré-moldadas | C81: M | D81: 5.4
A82: 10.1.8 | B82: Soleira em granito cinza andorinha, largura 15 cm, espessura 2 cm | C82: M | D82: 18.5
A83: 11 | B83: PINTURAS E ACABAMENTOS
A84: 11.1 | B84: Emassamento de paredes internas com massa PVA, 2 demãos | C84: m² | D84: 432.55
A85: 11.2 | B85: Emassamento de lajes internas com massa PVA, 2 demãos | C85: m² | D85: 579.57
A86: 11.3 | B86: Pintura em latex acrílico sobre paredes internas e externas, 2 demãos | C86: m² | D86: 1307.77
A87: 11.4 | B87: Pintura em latex PVA sobre lajes internas e externas, 2 demãos | C87: m² | D87: 579.57
A88: 11.5 | B88: Pintura em esmalte sintético em roda meio de madeira, 2 demãos | C88: m² | D88: 25.72
A89: 11.6 | B89: Pintura em esmalte acetinado sobre superfície metálica, 2 demãos | C89: m² | D89: 21.6
A90: 11.7 | B90: Pintura em esmalte sintético em porta de madeira, 2 demãos | C90: m² | D90: 62.56
A91: 12 | B91: INSTALAÇÕES HIDRÁULICAS
A92: 12.1 | B92: Tubo PVC soldável Ø 20 mm, fornecimento e instalação | C92: M | D92: 23
A93: 12.2 | B93: Tubo PVC soldável Ø 25 mm, fornecimento e instalação | C93: M | D93: 8
A94: 12.3 | B94: Tubo PVC soldável Ø 32 mm, fornecimento e instalação | C94: M | D94: 3
A95: 12.4 | B95: Tubo PVC soldável Ø 40 mm, fornecimento e instalação | C95: M | D95: 11
A96: 12.5 | B96: Tubo PVC soldável Ø 50 mm, fornecimento e instalação | C96: M | D96: 4
A97: 12.6 | B97: Tubo PVC soldável Ø 60 mm, fornecimento e instalação | C97: M | D97: 69
A98: 12.7 | B98: Joelho PVC soldavel 90º agua fria 20mm | C98: UN | D98: 14
A99: 12.8 | B99: Joelho PVC soldavel 90º agua fria 25mm | C99: UN | D99: 15
A100: 12.9 | B100: Joelho PVC soldavel 90º agua fria 32mm | C100: UN | D100: 42
A101: 12.10 | B101: Joelho PVC soldavel 90º agua fria 40mm | C101: UN | D101: 8
...

Sheet ENCARGOS
A2: ENCARGOS SOCIAIS SOBRE MÃO DE OBRA
A4: OBRA | B4: =ORCAMENTO!A3 -> CONCLUSÃO EMEIF "CAETÉ" | C4: COM DESONERAÇÃO
A5: CÓDIGO | B5: DESCRIÇÃO | C5: HORISTA % | E5: MENSALISTA
A7: GRUPO A
A8: A1 | B8: INSS | C8: 0 | E8: =C8 -> 0
A9: A2 | B9: SESI | C9: 0.015 | E9: =C9 -> 0.015
A10: A3 | B10: SENAI | C10: 0.01 | E10: =C10 -> 0.01
A11: A4 | B11: INCRA | C11: 0.002 | E11: =C11 -> 0.002
A12: A5 | B12: SEBRAE | C12: 0.006 | E12: =C12 -> 0.006
A13: A6 | B13: Salário Educação | C13: 0.025 | E13: =C13 -> 0.025
A14: A7 | B14: Seguro Contra Acidentes de Trabalho | C14: 0.03 | E14: =C14 -> 0.03
A15: A8 | B15: FGTS | C15: 0.08 | E15: =C15 -> 0.08
A16: A9 | B16: SECONCI | C16: 0 | E16: =C16 -> 0
A17: A | B17: TOTAL | C17: =SUM(C8:D16) -> 0.168 | E17: =SUM(E8:F16) -> 0.168
A19: GRUPO B
A20: B1 | B20: Repouso Semanal Remunerado | C20: 0.1811 | E20: Não incide
A21: B2 | B21: Feriados | C21: 0.0415 | E21: Não Incide
A22: B3 | B22: Auxilio - Enfermidade | C22: 0.0089 | E22: 0.0067
A23: B4 | B23: 13º Salário | C23: 0.1098 | E23: 0.0833
A24: B5 | B24: Licença Paternidade | C24: 0.0007 | E24: 0.0006
A25: B6 | B25: Faltas Justificadas | C25: 0.0073 | E25: 0.0056
A26: B7 | B26: Dias de Chuva | C26: 0.0268 | E26: Não incide
A27: B8 | B27: Auxílio Acidentes de Trabalho | C27: 0.0011 | E27: 0.0008
A28: B9 | B28: Férias Gozadas | C28: 0.0927 | E28: 0.0703
A29: B10 | B29: Salário maternidade | C29: 0.0003 | E29: =C29 -> 0.0003
A30: B | B30: TOTAL | C30: =SUM(C20:D29) -> 0.4702 | E30: =SUM(E20:F29) -> 0.1676
A32: GRUPO C
A33: C1 | B33: Avíso Prevéo Indenizado | C33: 0.0569 | E33: 0.0432
A34: C2 | B34: Avíso préveo trabalhado | C34: 0.0013 | E34: 0.001
A35: C3 | B35: Férias Indenizadas | C35: 0.0447 | E35: 0.0339
A36: C4 | B36: Depósito rescizão Sem Justa Causa | C36: 0.0393 | E36: 0.0298
A37: C5 | B37: Indenização Adicional | C37: 0.0048 | E37: 0.0036
A38: C | B38: TOTAL | C38: =SUM(C33:D37) -> 0.147 | E38: =SUM(E33:F37) -> 0.1115
A40: GRUPO D
A41: D1 | B41: Reincidência de Grupo A sobre Grupo B | C41: 0.079 | E41: 0.0282
A42: D2 | B42: Reincidência de Grupo A sobre Avíso Prévio Trabalhado e Reincidência Sobre do FGTS sobre Avíso Prévio Indenizado | C42: 0.0048 | E42: 0.0036
A43: D | B43: TOTAL | C43: =SUM(C41:D42) -> 0.0838 | E43: =SUM(E41:F42) -> 0.0318
B45: TOTAL (A + B + C + D) | C45: =C30+C38+C43+C17 -> 0.869 | E45: =E30+E38+E43+E17 -> 0.4789
B47: =ORCAMENTO!B21 -> ANANINDEUA(PA), 16 DE JUNHO DE 2025
B49: =ORCAMENTO!B25 -> RIOL - Serviços de Construções LTDA.
B50: =ORCAMENTO!B26 -> CNPJ: 09.335.585/0001-75

Sheet BDI
S1: ALTERNATIVAS | U1: SELECIONADO | V1: 1
S2: 1 | T2: COM DESONERAÇÃO
A3: OBRA: | B3: =ORCAMENTO!A3 -> CONCLUSÃO EMEIF "CAETÉ" | S3: 2 | T3: SEM DESONERAÇÃO
N5: LIMITES DE BDI | S5: OBRA TIPO | U5: SELECIONADO | V5: 1
B6: Declaro, para os devidos fins, que a alternativa de incidência da contribuição previdênciária | M6: OBRA TIPO | N6: Alternativa | Q6: =V1 -> 1 | S6: 1 | T6: Construção de edifícios. | V6: 1
A7: sobre folha de pagamento para a planilha orçamentária do presente Projeto Básico de Engenharia foi | O7: 1º Quartil | P7: Médio | Q7: 2º Quartil | S7: 2 | T7: Construção de rodovias e ferrovias.
B8: =IF(AND(V1<>1,V1<>2),"SELECT OPT",IF(V1=1,"COM DESONERAÇÃO",IF(V1=2,"SEM DESONERAÇÃO","SELECT OPT"))) -> COM DESONERAÇÃO | D8: , pois tornou-se a mais vantajosa para esta Adminisção Pública, | N8: 1 | O8: =IF($V$1=1,((((((20.34/100)+1)*(1-(5.15/100)))/(1-(9.65/100)))-1)*100),IF($V$1=2,20.34,"SELECT OPT")) -> 26.333691 | P8: =IF($V$1=1,((((((22.12/100)+1)*(1-(6.65/100)))/(1-(11.15/100)))-1)*100),IF($V$1=2,22.12,"SELECT OPT")) -> 28.305031 | Q8: =IF($V$1=1,((((((25/100)+1)*(1-(8.65/100)))/(1-(13.15/100)))-1)*100),IF($V$1=2,25,"SELECT OPT")) -> 31.476684 | S8: 3 | T8: Saneamento básico.
A9: uma vez que a meta estipulada alcançou uma maior área a ser beneficiada. | N9: 2 | O9: =IF($V$1=1,((((((19.6/100)+1)*(1-(5.15/100)))/(1-(9.65/100)))-1)*100),IF($V$1=2,19.6,"SELECT OPT")) -> 25.556835 | P9: =IF($V$1=1,((((((20.97/100)+1)*(1-(6.65/100)))/(1-(11.15/100)))-1)*100),IF($V$1=2,20.97,"SELECT OPT")) -> 27.096787 | Q9: =IF($V$1=1,((((((24.23/100)+1)*(1-(8.65/100)))/(1-(13.15/100)))-1)*100),IF($V$1=2,24.23,"SELECT OPT")) -> 30.666788 | S9: 4 | T9: Estações e redes de energia.
N10: 3 | O10: =IF($V$1=1,((((((20.76/100)+1)*(1-(5.15/100)))/(1-(9.65/100)))-1)*100),IF($V$1=2,20.76,"SELECT OPT")) -> 26.77461 | P10: =IF($V$1=1,((((((24.18/100)+1)*(1-(6.65/100)))/(1-(11.15/100)))-1)*100),IF($V$1=2,24.18,"SELECT OPT")) -> 30.469364 | Q10: =IF($V$1=1,((((((26.44/100)+1)*(1-(8.65/100)))/(1-(13.15/100)))-1)*100),IF($V$1=2,26.44,"SELECT OPT")) -> 32.991295 | S10: 5 | T10: Obras portuárias, marítmas e fluviais.
B11: Em ambas planilhas orçamentárias, no cálculo do BDI adotado, foram utilizados os | N11: 4 | O11: =IF($V$1=1,((((((24/100)+1)*(1-(5.15/100)))/(1-(9.65/100)))-1)*100),IF($V$1=2,24,"SELECT OPT")) -> 30.175982 | P11: =IF($V$1=1,((((((25.84/100)+1)*(1-(6.65/100)))/(1-(11.15/100)))-1)*100),IF($V$1=2,25.84,"SELECT OPT")) -> 32.213438 | Q11: =IF($V$1=1,((((((27.86/100)+1)*(1-(8.65/100)))/(1-(13.15/100)))-1)*100),IF($V$1=2,27.86,"SELECT OPT")) -> 34.48487 | S11: 6 | T11: Fornecimento de materiais e equipamentos.
A12: mesmos valores de seus componentes e, ainda, declaro que os percentuais relativos aos impostos | N12: 5 | O12: =IF($V$1=1,((((((22.8/100)+1)*(1-(5.15/100)))/(1-(9.65/100)))-1)*100),IF($V$1=2,22.8,"SELECT OPT")) -> 28.916215 | P12: =IF($V$1=1,((((((27.48/100)+1)*(1-(6.65/100)))/(1-(11.15/100)))-1)*100),IF($V$1=2,27.48,"SELECT OPT")) -> 33.9365 | Q12: =IF($V$1=1,((((((30.95/100)+1)*(1-(8.65/100)))/(1-(13.15/100)))-1)*100),IF($V$1=2,30.95,"SELECT OPT")) -> 37.734974
A13: estão de acordo com o que emanam as leis pertinentes. | N13: 6 | O13: =IF($V$1=1,((((((11.1/100)+1)*(1-(3.65/100)))/(1-(8.15/100)))-1)*100),IF($V$1=2,11.1,"SELECT OPT")) -> 16.543114 | P13: =IF($V$1=1,((((((14.02/100)+1)*(1-(3.65/100)))/(1-(8.15/100)))-1)*100),IF($V$1=2,14.02,"SELECT OPT")) -> 19.606173 | Q13: =IF($V$1=1,((((((16.8/100)+1)*(1-(3.65/100)))/(1-(8.15/100)))-1)*100),IF($V$1=2,16.8,"SELECT OPT")) -> 22.522373
N14: SELECIONADO | O14: =VLOOKUP($V$5,$N$8:$Q$13,2,0) -> 26.333691 | P14: =VLOOKUP($V$5,$N$8:$Q$13,3,0) -> 28.305031 | Q14: =VLOOKUP($V$5,$N$8:$Q$13,4,0) -> 31.476684
B15: Para fins de verificação do BDI em relação aos limites definidos no Acórdão 2.622/2013
A16: do Plenário do TCU, a obra foi enquadrada como: | O16: =
C18: =IF(AND($V$5<>1,$V$5<>2,$V$5<>3,$V$5<>4,$V$5<>5,$V$5<>6),"SELECT OPT",IF($V$5=1,$T$6,IF($V$5=2,$T$7,IF($V$5=3,$T$8,IF($V$5=4,$T$9,IF($V$5=5,$T$10,IF($V$5=6,$T$11,"SELECT OPT"))))))) -> Construção de edifícios.
B20: Ademais, informo que o percentual de BDI adotado foi obtido a partir da fórmula abaixo,
A21: seguida do memorial de cálculo do índice.
A25: DESCRIÇÃO | E25: VALORES DE REFERÊNCIA | K25: BDI ADOTADO
E26: 1º Quartil | G26: Médio | I26: 2º Quartil
A27: Administração Central | D27: (AC) | E27: =IF(AND($V$5<>1,$V$5<>2,$V$5<>3,$V$5<>4,$V$5<>5,$V$5<>6),"SELECT OPT",IF($V$5=1,3,IF($V$5=2,3.8,IF($V$5=3,3.43,IF($V$5=4,5.29,IF($V$5=5,4,IF($V$5=6,1.5,"SELECT OPT"))))))) -> 3 | G27: =IF(AND($V$5<>1,$V$5<>2,$V$5<>3,$V$5<>4,$V$5<>5,$V$5<>6),"SELECT OPT",IF($V$5=1,4,IF($V$5=2,4.01,IF($V$5=3,4.93,IF($V$5=4,5.92,IF($V$5=5,5.52,IF($V$5=6,3.45,"SELECT OPT"))))))) -> 4 | I27: =IF(AND($V$5<>1,$V$5<>2,$V$5<>3,$V$5<>4,$V$5<>5,$V$5<>6),"SELECT OPT",IF($V$5=1,5.5,IF($V$5=2,4.67,IF($V$5=3,6.71,IF($V$5=4,7.93,IF($V$5=5,7.85,IF($V$5=6,4.49,"SELECT OPT"))))))) -> 5.5 | K27: 3
A28: Seguro e Garantia (*) | D28: (S e G) | E28: 0.8 | G28: =IF(AND($V$5<>1,$V$5<>2,$V$5<>3,$V$5<>4,$V$5<>5,$V$5<>6),"SELECT OPT",IF($V$5=1,0.8,IF($V$5=2,0.4,IF($V$5=3,0.49,IF($V$5=4,0.51,IF($V$5=5,1.22,IF($V$5=6,0.48,"SELECT OPT"))))))) -> 0.8 | I28: =IF(AND($V$5<>1,$V$5<>2,$V$5<>3,$V$5<>4,$V$5<>5,$V$5<>6),"SELECT OPT",IF($V$5=1,1,IF($V$5=2,0.74,IF($V$5=3,0.75,IF($V$5=4,0.56,IF($V$5=5,1.99,IF($V$5=6,0.82,"SELECT OPT"))))))) -> 1 | K28: 0.8
A29: Risco | D29: (R) | E29: =IF(AND($V$5<>1,$V$5<>2,$V$5<>3,$V$5<>4,$V$5<>5,$V$5<>6),"SELECT OPT",IF($V$5=1,0.97,IF($V$5=2,0.5,IF($V$5=3,1,IF($V$5=4,1,IF($V$5=5,1.46,IF($V$5=6,0.56,"SELECT OPT"))))))) -> 0.97 | G29: =IF(AND($V$5<>1,$V$5<>2,$V$5<>3,$V$5<>4,$V$5<>5,$V$5<>6),"SELECT OPT",IF($V$5=1,1.27,IF($V$5=2,0.56,IF($V$5=3,1.39,IF($V$5=4,1.48,IF($V$5=5,2.32,IF($V$5=6,0.85,"SELECT OPT"))))))) -> 1.27 | I29: =IF(AND($V$5<>1,$V$5<>2,$V$5<>3,$V$5<>4,$V$5<>5,$V$5<>6),"SELECT OPT",IF($V$5=1,1.27,IF($V$5=2,0.97,IF($V$5=3,1.74,IF($V$5=4,1.97,IF($V$5=5,3.16,IF($V$5=6,0.89,"SELECT OPT"))))))) -> 1.27 | K29: 0.97
A30: Despesas Financeiras | D30: (DF) | E30: =IF(AND($V$5<>1,$V$5<>2,$V$5<>3,$V$5<>4,$V$5<>5,$V$5<>6),"SELECT OPT",IF($V$5=1,0.59,IF($V$5=2,1.02,IF($V$5=3,0.94,IF($V$5=4,1.01,IF($V$5=5,0.94,IF($V$5=6,0.85,"SELECT OPT"))))))) -> 0.59 | G30: =IF(AND($V$5<>1,$V$5<>2,$V$5<>3,$V$5<>4,$V$5<>5,$V$5<>6),"SELECT OPT",IF($V$5=1,1.23,IF($V$5=2,1.11,IF($V$5=3,0.99,IF($V$5=4,1.07,IF($V$5=5,1.02,IF($V$5=6,0.85,"SELECT OPT"))))))) -> 1.23 | I30: =IF(AND($V$5<>1,$V$5<>2,$V$5<>3,$V$5<>4,$V$5<>5,$V$5<>6),"SELECT OPT",IF($V$5=1,1.39,IF($V$5=2,1.21,IF($V$5=3,1.17,IF($V$5=4,1.11,IF($V$5=5,1.33,IF($V$5=6,1.11,"SELECT OPT"))))))) -> 1.39 | K30: 0.59
A31: Lucro | D31: (L) | E31: =IF(AND($V$5<>1,$V$5<>2,$V$5<>3,$V$5<>4,$V$5<>5,$V$5<>6),"SELECT OPT",IF($V$5=1,6.16,IF($V$5=2,6.64,IF($V$5=3,6.74,IF($V$5=4,8,IF($V$5=5,7.14,IF($V$5=6,3.5,"SELECT OPT"))))))) -> 6.16 | G31: =IF(AND($V$5<>1,$V$5<>2,$V$5<>3,$V$5<>4,$V$5<>5,$V$5<>6),"SELECT OPT",IF($V$5=1,7.4,IF($V$5=2,7.3,IF($V$5=3,8.04,IF($V$5=4,8.31,IF($V$5=5,8.4,IF($V$5=6,5.11,"SELECT OPT"))))))) -> 7.4 | I31: =IF(AND($V$5<>1,$V$5<>2,$V$5<>3,$V$5<>4,$V$5<>5,$V$5<>6),"SELECT OPT",IF($V$5=1,8.96,IF($V$5=2,8.69,IF($V$5=3,9.4,IF($V$5=4,9.51,IF($V$5=5,10.43,IF($V$5=6,6.22,"SELECT OPT"))))))) -> 8.96 | K31: 6.16
A32: TRIBUTOS | D32: (I) | E32: =SUM(E33:F36) -> 9.65 | G32: =SUM(G33:H36) -> 11.15 | I32: =SUM(I33:J36) -> 13.15 | K32: =ROUND(SUM(K33:L36),2) -> 13.15
A33: COFINS | E33: 3 | G33: 3 | I33: 3 | K33: 3
A34: PIS | E34: 0.65 | G34: 0.65 | I34: 0.65 | K34: 0.65
A35: ISSQN (**) | E35: =IF(AND($V$5<>1,$V$5<>2,$V$5<>3,$V$5<>4,$V$5<>5,$V$5<>6),"SELECT OPT",IF($V$5=1,1.5,IF($V$5=2,1.5,IF($V$5=3,1.5,IF($V$5=4,1.5,IF($V$5=5,1.5,IF($V$5=6,0,"SELECT OPT"))))))) -> 1.5 | G35: =IF(AND($V$5<>1,$V$5<>2,$V$5<>3,$V$5<>4,$V$5<>5,$V$5<>6),"SELECT OPT",IF($V$5=1,3,IF($V$5=2,3,IF($V$5=3,3,IF($V$5=4,3,IF($V$5=5,3,IF($V$5=6,0,"SELECT OPT"))))))) -> 3 | I35: =IF(AND($V$5<>1,$V$5<>2,$V$5<>3,$V$5<>4,$V$5<>5,$V$5<>6),"SELECT OPT",IF($V$5=1,5,IF($V$5=2,5,IF($V$5=3,5,IF($V$5=4,5,IF($V$5=5,5,IF($V$5=6,0,"SELECT OPT"))))))) -> 5 | K35: 5
A36: CPRF | E36: =IF(V1=1,4.5,IF(V1=2,0,"")) -> 4.5 | G36: =IF(V1=1,4.5,IF(V1=2,0,"")) -> 4.5 | I36: =IF(V1=1,4.5,IF(V1=2,0,"")) -> 4.5 | K36: 4.5
A37: TOTAL | E37: =IF(AND($V$5<>1,$V$5<>2,$V$5<>3,$V$5<>4,$V$5<>5,$V$5<>6),"SELECT OPT",$O$14) -> 26.333691 | G37: =IF(AND($V$5<>1,$V$5<>2,$V$5<>3,$V$5<>4,$V$5<>5,$V$5<>6),"SELECT OPT",$P$14) -> 28.305031 | I37: =IF(AND($V$5<>1,$V$5<>2,$V$5<>3,$V$5<>4,$V$5<>5,$V$5<>6),"SELECT OPT",$Q$14) -> 31.476684 | K37: =ROUND(((((1+K27/100+K28/100+K29/100)*(1+K30/100)*(1+K31/100))/(1-K32/100))-1)*100,2) -> 28.82
A39: Notas do modelo: | C39: (*) | D39: Pode haver garantia desde que previsto no Edital da licitação e no contrato de execução.
C40: (**) | D40: Podem ser aceitos outros percentuais de ISSQN desde que devidamente embasados na legislação municipal.
B42: =ORCAMENTO!B21 -> ANANINDEUA(PA), 16 DE JUNHO DE 2025
B44: =ORCAMENTO!B25 -> RIOL - Serviços de Construções LTDA.
B45: =ORCAMENTO!B26 -> CNPJ: 09.335.585/0001-75
